Workbook
Name _ftn1: 'Staff rate assump'!#REF!
Name _ftnref1: 'Staff rate assump'!#REF!

Sheet Overall Summary
B2: Evaluation Budget Summary
B3: 41739
B4: Task | C4: 2015 | D4: 2016 | E4: 2017 | F4: Total 2015-17 | G4: Proposed Carryover from 2012-2014 period | H4: Actual Budget Impact to Funding Source | I4: 2018 | J4: 2019 | K4: 2020 | L4: 2021 | M4: 2022 | N4: 2023 | O4: 2024 | P4: 2025 | Q4: 2026 | R4: 2027 | S4: 2028 | T4: 2029 | U4: 2030 | V4: 2031 | W4: 2032 | X4: 2033 | Y4: 2034
F5: [Note 11]] | G5: [Note 12] | H5: [Note 13]
B6: Core EEC Evaluation Activities | F6: =SUM(F7:F11) -> 2124000 | H6: =SUM(H7:H11) -> 892700
B7: Annual Savings Verification | C7: =SVFCM!F36 -> 160113.34 | D7: =SVFCM!G36 -> 160977.4 | E7: =SVFCM!H36 -> 168006.2 | F7: =ROUND(SUM(C7:E7),-2) -> 489100 | H7: =F7 -> 489100 | I7: =E7*1.02 -> 171366.32 | J7: =I7*$C$68 -> 174793.65 | K7: =J7*$C$68 -> 178289.52 | L7: =K7*$C$68 -> 181855.31 | M7: =L7*$C$68 -> 185492.41 | N7: =M7*$C$68 -> 189202.26 | O7: =N7*$C$68 -> 192986.31 | P7: =O7*$C$68 -> 196846.03 | Q7: =P7*$C$68 -> 200782.96 | ... Y7: =X7*$C$68 -> 235249.23
B8: Geotargeting [2] | C8: =GT!F16 -> 0 | D8: =GT!G16 -> 4831.57 | E8: =GT!H16 -> 168191.97 | F8: =ROUND(SUM(C8:E8),-2) -> 173000 | G8: 142078 | H8: =ROUND(SUM(F8-G8),-2) -> 30900 | I8: 0 | J8: =I8*$C$68 -> 0 | K8: =J8*$C$68 -> 0 | L8: =K8*$C$68 -> 0 | M8: =L8*$C$68 -> 0 | N8: =M8*$C$68 -> 0 | O8: =N8*$C$68 -> 0 | P8: =O8*$C$68 -> 0 | Q8: =P8*$C$68 -> 0 | ... Y8: =X8*$C$68 -> 0
B9: Technical Advisory Group and Technical Reference Manual | C9: =TAGTRM!F16 -> 63930.065 | D9: =TAGTRM!G16 -> 65290.385 | E9: =TAGTRM!H16 -> 66700.3 | F9: =ROUND(SUM(C9:E9),-2) -> 195900 | H9: =F9 -> 195900 | I9: =E9*1.026 -> 68434.508 | J9: =I9*$C$68 -> 69803.198 | K9: =J9*$C$68 -> 71199.262 | L9: =K9*$C$68 -> 72623.247 | M9: =L9*$C$68 -> 74075.712 | N9: =M9*$C$68 -> 75557.226 | O9: =N9*$C$68 -> 77068.371 | P9: =O9*$C$68 -> 78609.738 | Q9: =P9*$C$68 -> 80181.933 | ... Y9: =X9*$C$68 -> 93945.914
B10: Market Characterizations* | C10: ='Mkt Characterizations'!F19 -> 1177293.1 | D10: ='Mkt Characterizations'!G19 -> 0 | E10: ='Mkt Characterizations'!H19 -> 0 | F10: =ROUND(SUM(C10:E10),-2) -> 1177300 | G10: 1089248 | H10: =ROUND(SUM(F10-G10),-2) -> 88100 | I10: =C10*$C$68^3 -> 1249352.9 | J10: =D10*$C$68^3 -> 0 | K10: =E10*$C$68^3 -> 0 | L10: =I10*$C$68^3 -> 1325823.3 | M10: =J10*$C$68^3 -> 0 | N10: =K10*$C$68^3 -> 0 | O10: =L10*$C$68^3 -> 1406974.3 | P10: =M10*$C$68^3 -> 0 | Q10: =N10*$C$68^3 -> 0 | R10: =O10*$C$68^3 -> 1493092.3 | S10: =P10*$C$68^3 -> 0 | ... Y10: =V10*$C$68^3 -> 0
B11: Benchmarking | C11: =Benchmarking!F16 -> 3831.2 | D11: =Benchmarking!G16 -> 80690.15 | E11: =Benchmarking!H16 -> 4144 | F11: =ROUND(SUM(C11:E11),-2) -> 88700 | H11: =F11 -> 88700 | I11: =C11*$C$68^3 -> 4065.7001 | J11: =D11*$C$68^3 -> 85629.033 | K11: =E11*$C$68^3 -> 4397.646 | L11: =I11*$C$68^3 -> 4314.5535 | M11: =J11*$C$68^3 -> 90870.215 | N11: =K11*$C$68^3 -> 4666.8171 | O11: =L11*$C$68^3 -> 4578.6386 | P11: =M11*$C$68^3 -> 96432.199 | Q11: =N11*$C$68^3 -> 4952.4636 | R11: =O11*$C$68^3 -> 4858.888 | S11: =P11*$C$68^3 -> 102334.62 | ... Y11: =V11*$C$68^3 -> 115245.4
B13: Supporting EEC Evaluation | F13: =SUM(F14:F19) -> 707200 | H13: =SUM(H14:H19) -> 604600
B14: Non-Resource Acquisition Initiatives* | C14: =NRA!F19 -> 3371.456 | D14: =NRA!G19 -> 8766.56 | E14: =NRA!H19 -> 38868.368 | F14: =ROUND(SUM(C14:E14),-2) -> 51000 | H14: =F14 -> 51000 | I14: =C14*$C$68^3 -> 3577.8161 | J14: =D14*$C$68^3 -> 9303.1436 | K14: =E14*$C$68^3 -> 41247.423 | L14: =I14*$C$68^3 -> 3796.807 | M14: =J14*$C$68^3 -> 9872.5704 | N14: =K14*$C$68^3 -> 43772.095 | O14: =L14*$C$68^3 -> 4029.202 | P14: =M14*$C$68^3 -> 10476.851 | Q14: =N14*$C$68^3 -> 46451.298 | R14: =O14*$C$68^3 -> 4275.8214 | S14: =P14*$C$68^3 -> 11118.118 | ... Y14: =V14*$C$68^3 -> 12520.806
B15: Administrative Efficiency* | C15: ='Admin Efficiency'!F16 -> 0 | D15: ='Admin Efficiency'!G16 -> 139604.99 | E15: ='Admin Efficiency'!H16 -> 0 | F15: =ROUND(SUM(C15:E15),-2) -> 139600 | H15: =F15 -> 139600 | I15: =C15*$C$68^3 -> 0 | J15: =D15*$C$68^3 -> 148149.93 | K15: =E15*$C$68^3 -> 0 | L15: =I15*$C$68^3 -> 0 | M15: =J15*$C$68^3 -> 157217.89 | N15: =K15*$C$68^3 -> 0 | O15: =L15*$C$68^3 -> 0 | P15: =M15*$C$68^3 -> 166840.89 | Q15: =N15*$C$68^3 -> 0 | R15: =O15*$C$68^3 -> 0 | S15: =P15*$C$68^3 -> 177052.88 | ... Y15: =V15*$C$68^3 -> 199390.3
B16: HPwES Evaluation (electric only ) [3] | C16: ='HPwEs (elec)'!F15 -> 117615.7 | D16: ='HPwEs (elec)'!G15 -> 0 | E16: ='HPwEs (elec)'!H15 -> 0 | F16: =ROUND(SUM(C16:E16),-2) -> 117600 | G16: 102600 | H16: =F16-G16 -> 15000 | I16: 0 | J16: 0 | K16: 0 | L16: 0 | M16: 0 | N16: 0 | O16: 0 | P16: 0 | Q16: 0 | R16: 0 | S16: 0 | T16: 0 | U16: 0 | V16: 0 | W16: 0 | X16: 0 | Y16: 0
B17: Energy Savings Accounts & Customer Credit Program | C17: ='ESA CCP'!C24 -> 8141.3 | D17: ='ESA CCP'!D24 -> 8467.7 | E17: ='ESA CCP'!E24 -> 15022 | F17: =ROUND(SUM(C17:E17),-2) -> 31600 | H17: =F17 -> 31600 | I17: =E17*$C$68 -> 15322.44 | J17: =F17*$C$68 -> 32232 | K17: =I17*$C$68 -> 15628.889 | L17: =J17*$C$68 -> 32876.64 | M17: =K17*$C$68 -> 15941.467 | N17: =L17*$C$68 -> 33534.173 | O17: =M17*$C$68 -> 16260.296 | P17: =N17*$C$68 -> 34204.856 | Q17: =O17*$C$68 -> 16585.502 | R17: =P17*$C$68 -> 34888.953 | ... Y17: =W17*$C$68 -> 17952.681
B18: Regional Coordination [4] | C18: =Regional!F21 -> 58417.74 | D18: =Regional!G21 -> 59649.6 | E18: =Regional!H21 -> 60908.183 | F18: =ROUND(SUM(C18:E18),-2) -> 179000 | H18: =F18 -> 179000 | I18: =E18*$C$68 -> 62126.346 | J18: =F18*$C$68 -> 182580 | K18: =J18*$C$68 -> 186231.6 | L18: =K18*$C$68 -> 189956.23 | M18: =L18*$C$68 -> 193755.36 | N18: =M18*$C$68 -> 197630.46 | O18: =N18*$C$68 -> 201583.07 | P18: =O18*$C$68 -> 205614.73 | Q18: =P18*$C$68 -> 209727.03 | R18: =Q18*$C$68 -> 213921.57 | ... Y18: =X18*$C$68 -> 245728.64
B19: Overall Performace Assessment | C19: =OPA!F20*0.88 -> 188352.34 | D19: =OPA!G20*0.88 -> 0 | E19: =OPA!H20*0.88 -> 0 | F19: =ROUND(SUM(C19:E19),-2) -> 188400 | H19: =F19 -> 188400 | I19: =C29*$C$68 -> 267138.68 | J19: =D29*$C$68 -> 264526.16 | K19: =E29*$C$68 -> 268129.75 | L19: =I19*$C$68 -> 272481.45 | M19: =I19*$C$68 -> 272481.45 | N19: =J19*$C$68 -> 269816.69 | O19: =K19*$C$68 -> 273492.34 | P19: =L19*$C$68 -> 277931.08 | Q19: =M19*$C$68 -> 277931.08 | R19: =N19*$C$68 -> 275213.02 | S19: =O19*$C$68 -> 278962.19 | T19: =P19*$C$68 -> 283489.7 | ... Y19: =U19*$C$68 -> 289159.5
B21: Planning and Management [5] | F21: =SUM(F22:F26) -> 201300 | H21: =SUM(H22:H26) -> 201300
B22: Evaluation Planning & Administration* | C22: ='Plan&Mgmt'!C14 -> 8950.641 | D22: ='Plan&Mgmt'!D14 -> 9309.489 | E22: ='Plan&Mgmt'!E14 -> 16135.7 | F22: =ROUND(SUM(C22:E22),-2) -> 34400 | H22: =F22 -> 34400 | I22: =C22*$C$68^3 -> 9498.4918 | J22: =D22*$C$68^3 -> 9879.3042 | K22: =E22*$C$68^3 -> 17123.334 | L22: =I22*$C$68^3 -> 10079.876 | M22: =J22*$C$68^3 -> 10483.997 | N22: =K22*$C$68^3 -> 18171.419 | O22: =L22*$C$68^3 -> 10696.845 | P22: =M22*$C$68^3 -> 11125.701 | Q22: =N22*$C$68^3 -> 19283.655 | R22: =O22*$C$68^3 -> 11351.577 | S22: =P22*$C$68^3 -> 11806.683 | ... Y22: =V22*$C$68^3 -> 13296.243
B23: Expert Technical Assistance* | C23: ='Plan&Mgmt'!C37 -> 27189.5 | D23: ='Plan&Mgmt'!D37 -> 27189.5 | E23: ='Plan&Mgmt'!E37 -> 27189.5 | F23: =ROUND(SUM(C23:E23),-2) -> 81600 | H23: =F23 -> 81600 | I23: =C23*$C$68^3 -> 28853.715 | J23: =D23*$C$68^3 -> 28853.715 | K23: =E23*$C$68^3 -> 28853.715 | L23: =I23*$C$68^3 -> 30619.793 | M23: =J23*$C$68^3 -> 30619.793 | N23: =K23*$C$68^3 -> 30619.793 | O23: =L23*$C$68^3 -> 32493.969 | P23: =M23*$C$68^3 -> 32493.969 | Q23: =N23*$C$68^3 -> 32493.969 | R23: =O23*$C$68^3 -> 34482.86 | S23: =P23*$C$68^3 -> 34482.86 | ... Y23: =V23*$C$68^3 -> 38833.301
B24: Evaulation Training & Development* | C24: ='Plan&Mgmt'!F62 -> 21256.048 | D24: ='Plan&Mgmt'!G62 -> 16608.592 | E24: ='Plan&Mgmt'!H62 -> 21737.76 | F24: =ROUND(SUM(C24:E24),-2) -> 59600 | H24: =F24 -> 59600 | I24: =C23*$C$68^3 -> 28853.715 | J24: =D23*$C$68^3 -> 28853.715 | K24: =E23*$C$68^3 -> 28853.715 | L24: =I24*$C$68^3 -> 30619.793 | M24: =J24*$C$68^3 -> 30619.793 | N24: =K24*$C$68^3 -> 30619.793 | O24: =L24*$C$68^3 -> 32493.969 | P24: =M24*$C$68^3 -> 32493.969 | Q24: =N24*$C$68^3 -> 32493.969 | R24: =O24*$C$68^3 -> 34482.86 | S24: =P24*$C$68^3 -> 34482.86 | ... Y24: =V24*$C$68^3 -> 38833.301
B25: DRP | C25: ='Plan&Mgmt'!F98 -> 0 | D25: ='Plan&Mgmt'!G98 -> 13946.8 | E25: ='Plan&Mgmt'!H98 -> 5801.6 | F25: =ROUND(SUM(C25:E25),-2) -> 19700 | H25: =F25 -> 19700 | I25: =C24*$C$68^3 -> 22557.088 | J25: =D24*$C$68^3 -> 17625.171 | K25: =E25*$C$68^3 -> 6156.7043 | L25: =I25*$C$68^3 -> 23937.762 | M25: =J25*$C$68^3 -> 18703.972 | N25: =K25*$C$68^3 -> 6533.5439 | O25: =L25*$C$68^3 -> 25402.945 | P25: =M25*$C$68^3 -> 19848.805 | Q25: =N25*$C$68^3 -> 6933.449 | R25: =O25*$C$68^3 -> 26957.808 | S25: =P25*$C$68^3 -> 21063.711 | ... Y25: =V25*$C$68^3 -> 23721.159
B26: Other Direct Costs* | C26: ='Plan&Mgmt'!D72 -> 528 | D26: ='Plan&Mgmt'!E72 -> 4928 | E26: ='Plan&Mgmt'!F72 -> 528 | F26: =ROUND(SUM(C26:E26),-2) -> 6000 | H26: =F26 -> 6000 | I26: =C26*$C$68^3 -> 560.31782 | J26: =D26*$C$68^3 -> 5229.633 | K26: =E26*$C$68^3 -> 560.31782 | L26: =I26*$C$68^3 -> 594.61376 | M26: =J26*$C$68^3 -> 5549.7284 | N26: =K26*$C$68^3 -> 594.61376 | O26: =L26*$C$68^3 -> 631.00888 | P26: =M26*$C$68^3 -> 5889.4162 | Q26: =N26*$C$68^3 -> 631.00888 | R26: =O26*$C$68^3 -> 669.63167 | S26: =P26*$C$68^3 -> 6249.8956 | ... Y26: =V26*$C$68^3 -> 7038.3975
B28: Contingency [6] | C28: =(SUM(C7:C19))*0.05 -> 89053.313 | D28: =(SUM(D7:D19))*0.05 -> 26413.918 | E28: =(SUM(E7:E19))*0.05 -> 26092.051 | F28: =ROUND(SUM(C28:E28),-2) -> 141600 | H28: =F28 -> 141600 | I28: =(SUM(I7:I19))*0.05 -> 92069.235 | J28: =(SUM(J7:J19)+M6)*0.05 -> 48350.856 | K28: =(SUM(K7:K19)+N6)*0.05 -> 38256.204 | L28: =(SUM(L7:L19)+O6)*0.05 -> 104186.38 | M28: =(SUM(M7:M19)+P6)*0.05 -> 49985.354 | N28: =(SUM(N7:N19)+Q6)*0.05 -> 40708.986 | O28: =(SUM(O7:O19)+R6)*0.05 -> 108848.62 | P28: =(SUM(P7:P19)+S6)*0.05 -> 53347.819 | Q28: =(SUM(Q7:Q19)+T6)*0.05 -> 41830.613 | ... Y28: =(SUM(Y7:Y19)+AB6)*0.05 -> 60459.624
B29: Behavioral Evaluation [7] | C29: =Behavioral!F18 -> 261900.67 | D29: =Behavioral!G18 -> 259339.38 | E29: =Behavioral!H18 -> 262872.3 | F29: =ROUND(SUM(C29:E29),-2) -> 784100 | H29: =F29 -> 784100
B31: Annual EEC Funded budget | C31: =SUM(C7:C30) -> 2189944.4 | D31: =SUM(D7:D30) -> 886014.03 | E31: =SUM(E7:E30) -> 882197.92
B32: Total 2015-2017 Energy Efficiency Charge Funded Budget | C32: =F28+F21+F13+F6+F29 -> 3958200 | H32: =SUM(H6+H13+H21+H28+H29) -> 2624300 | I32: =SUM(I7:I31) -> 2023777.3 | J32: =SUM(J7:J31) -> 1105809.5 | K32: =SUM(K7:K31) -> 884928.07 | L32: =SUM(L7:L31) -> 2283765.7 | M32: =SUM(M7:M31) -> 1145669.7 | N32: =SUM(N7:N31) -> 941427.87 | O32: =SUM(O7:O31) -> 2387539.9 | P32: =SUM(P7:P31) -> 1222156.1 | ... Y32: =SUM(Y7:Y31) -> 1391374.5
B34: Core Heating and Process Fuel Evaluation | F34: =F35+F36 -> 168000 | H34: =SUM(H35:H36) -> 104400
B35: HPwES Evaluation [8] | C35: =HPwES!D32 -> 69035.735 | D35: =HPwES!E32 -> 0 | E35: =HPwES!F32 -> 0 | F35: =ROUND(SUM(C35:E35),-2) -> 69000 | G35: 63620 | H35: =ROUND(SUM(F35-G35),-2) -> 5400 | I35: 0 | J35: =HPwES!G17*$C$68^3 -> 0 | K35: 0 | L35: =I35*$C$68^3 -> 0 | M35: =J35*$C$68^3 -> 0 | N35: =K35*$C$68^3 -> 0 | O35: =L35*$C$68^3 -> 0 | P35: =M35*$C$68^3 -> 0 | Q35: =N35*$C$68^3 -> 0 | R35: =O35*$C$68^3 -> 0 | S35: =P35*$C$68^3 -> 0 | ... Y35: =V35*$C$68^3 -> 0
B36: TEPF Potential Study | C36: ='TEPF Potential'!F15 -> 0 | D36: ='TEPF Potential'!G15 -> 99010.655 | E36: ='TEPF Potential'!H15 -> 0 | F36: =ROUND(SUM(C36:E36),-2) -> 99000 | H36: =F36-G36 -> 99000 | I36: 0 | J36: =D36*1.02 -> 100990.87 | K36: 0 | L36: 0 | M36: =J36*1.02 -> 103010.69 | N36: 0 | O36: 0 | P36: =M36*1.02 -> 105070.9 | Q36: 0 | R36: 0 | S36: =P36*1.02 -> 107172.32 | T36: 0 | U36: 0 | V36: =S36*1.02 -> 109315.76 | W36: 0 | X36: 0 | Y36: =V36*1.02 -> 111502.08
B38: Shared Heating and Process Fuel Evaluation | F38: =F39+F40+F41+F42 -> 212200 | H38: =SUM(H39:H42) -> 77200
B39: Market Characterizations* | C39: ='Mkt Characterizations'!F20 -> 160539.97 | D39: ='Mkt Characterizations'!G20 -> 0 | E39: ='Mkt Characterizations'!H20 -> 0 | F39: =ROUND(SUM(C39:E39),-2) -> 160500 | G39: 135000 | H39: =F39-G39 -> 25500 | I39: =C39*$C$68^3 -> 170366.3 | J39: =D39*$C$68^3 -> 0 | K39: =E39*$C$68^3 -> 0 | L39: =I39*$C$68^3 -> 180794.08 | M39: =J39*$C$68^3 -> 0 | N39: =K39*$C$68^3 -> 0 | O39: =L39*$C$68^3 -> 191860.13 | P39: =M39*$C$68^3 -> 0 | Q39: =N39*$C$68^3 -> 0 | R39: =O39*$C$68^3 -> 203603.5 | S39: =P39*$C$68^3 -> 0 | ... Y39: =V39*$C$68^3 -> 0
B40: Non-Resource Acquisition Initiatives* | C40: =NRA!F20 -> 459.744 | D40: =NRA!G20 -> 1195.44 | E40: =NRA!H20 -> 5300.232 | F40: =ROUND(SUM(C40:E40),-2) -> 7000 | H40: =F40-G40 -> 7000 | I40: =C40*$C$68^3 -> 487.88401 | J40: =D40*$C$68^3 -> 1268.6105 | K40: =E40*$C$68^3 -> 5624.6486 | L40: =I40*$C$68^3 -> 517.74642 | M40: =J40*$C$68^3 -> 1346.2596 | N40: =K40*$C$68^3 -> 5968.9221 | O40: =L40*$C$68^3 -> 549.43664 | P40: =M40*$C$68^3 -> 1428.6615 | Q40: =N40*$C$68^3 -> 6334.2679 | R40: =O40*$C$68^3 -> 583.06656 | S40: =P40*$C$68^3 -> 1516.107 | ... Y40: =V40*$C$68^3 -> 1707.3827
B41: Administrative Efficiency* | C41: ='Admin Efficiency'!F17 -> 0 | D41: ='Admin Efficiency'!G17 -> 19037.044 | E41: ='Admin Efficiency'!H17 -> 0 | F41: =ROUND(SUM(C41:E41),-2) -> 19000 | H41: =F41-G41 -> 19000 | I41: =C41*$C$68^3 -> 0 | J41: =D41*$C$68^3 -> 20202.264 | K41: =E41*$C$68^3 -> 0 | L41: =I41*$C$68^3 -> 0 | M41: =J41*$C$68^3 -> 21438.804 | N41: =K41*$C$68^3 -> 0 | O41: =L41*$C$68^3 -> 0 | P41: =M41*$C$68^3 -> 22751.03 | Q41: =N41*$C$68^3 -> 0 | R41: =O41*$C$68^3 -> 0 | S41: =P41*$C$68^3 -> 24143.575 | ... Y41: =V41*$C$68^3 -> 27189.587
B42: Overall Performace Assessment | C42: =OPA!F20*0.12 -> 25684.41 | D42: =OPA!G20*0.12 -> 0 | E42: =OPA!H20*0.12 -> 0 | F42: =ROUND(SUM(C42:E42),-2) -> 25700 | H42: =F42-G42 -> 25700
B44: Shared Planning and Management | F44: =F45+F46+F47+F48 -> 23300 | H44: =SUM(H45:H48) -> 23300
B45: Evaluation Planning & Administration* | C45: ='Plan&Mgmt'!C15 -> 1106.259 | D45: ='Plan&Mgmt'!D15 -> 1150.611 | E45: ='Plan&Mgmt'!E15 -> 1994.3 | F45: =ROUND(SUM(C45:E45),-2) -> 4300 | H45: =F45 -> 4300 | I45: =C45*$C$68^3 -> 1173.9709 | J45: =D45*$C$68^3 -> 1221.0376 | K45: =E45*$C$68^3 -> 2116.3671 | L45: =I45*$C$68^3 -> 1245.8273 | M45: =J45*$C$68^3 -> 1295.7749 | N45: =K45*$C$68^3 -> 2245.9057 | O45: =L45*$C$68^3 -> 1322.0819 | P45: =M45*$C$68^3 -> 1375.0867 | Q45: =N45*$C$68^3 -> 2383.3731 | R45: =O45*$C$68^3 -> 1403.0039 | S45: =P45*$C$68^3 -> 1459.253 | ... Y45: =V45*$C$68^3 -> 1643.3558
B46: Expert Technical Assistance* | C46: ='Plan&Mgmt'!C38 -> 3360.5 | D46: ='Plan&Mgmt'!D38 -> 3360.5 | E46: ='Plan&Mgmt'!E38 -> 3360.5 | F46: =ROUND(SUM(C46:E46),-2) -> 10100 | H46: =F46 -> 10100 | I46: =C46*$C$68^3 -> 3566.1895 | J46: =D46*$C$68^3 -> 3566.1895 | K46: =E46*$C$68^3 -> 3566.1895 | L46: =I46*$C$68^3 -> 3784.4688 | M46: =J46*$C$68^3 -> 3784.4688 | N46: =K46*$C$68^3 -> 3784.4688 | O46: =L46*$C$68^3 -> 4016.1086 | P46: =M46*$C$68^3 -> 4016.1086 | Q46: =N46*$C$68^3 -> 4016.1086 | R46: =O46*$C$68^3 -> 4261.9266 | S46: =P46*$C$68^3 -> 4261.9266 | ... Y46: =V46*$C$68^3 -> 4799.6215
B47: Evaulation Training & Development* | C47: ='Plan&Mgmt'!F63 -> 2898.552 | D47: ='Plan&Mgmt'!G63 -> 2264.808 | E47: ='Plan&Mgmt'!H63 -> 2964.24 | F47: =ROUND(SUM(C47:E47),-2) -> 8100 | H47: =F47 -> 8100 | I47: =C47*$C$68^3 -> 3075.9666 | J47: =D47*$C$68^3 -> 2403.4324 | K47: =E47*$C$68^3 -> 3145.6752 | L47: =I47*$C$68^3 -> 3264.2403 | M47: =J47*$C$68^3 -> 2550.5417 | N47: =K47*$C$68^3 -> 3338.2157 | O47: =L47*$C$68^3 -> 3464.038 | P47: =M47*$C$68^3 -> 2706.6552 | Q47: =N47*$C$68^3 -> 3542.5412 | R47: =O47*$C$68^3 -> 3676.0648 | S47: =P47*$C$68^3 -> 2872.3242 | ... Y47: =V47*$C$68^3 -> 3234.7035
B48: Other Direct Costs* | C48: ='Plan&Mgmt'!D73 -> 72 | D48: ='Plan&Mgmt'!E73 -> 672 | E48: ='Plan&Mgmt'!F73 -> 72 | F48: =ROUND(SUM(C48:E48),-2) -> 800 | H48: =F48 -> 800 | I48: =C48*$C$68^3 -> 76.406976 | J48: =D48*$C$68^3 -> 713.13178 | K48: =E48*$C$68^3 -> 76.406976 | L48: =I48*$C$68^3 -> 81.083694 | M48: =J48*$C$68^3 -> 756.78115 | N48: =K48*$C$68^3 -> 81.083694 | O48: =L48*$C$68^3 -> 86.046665 | P48: =M48*$C$68^3 -> 803.10221 | Q48: =N48*$C$68^3 -> 86.046665 | R48: =O48*$C$68^3 -> 91.313409 | S48: =P48*$C$68^3 -> 852.25849 | ... Y48: =V48*$C$68^3 -> 959.78148
B50: HPF Contingency [9] | C50: =(SUM(C35:C41))*0.1 -> 23003.545 | D50: =(SUM(D35:D41))*0.1 -> 11924.314 | E50: =(SUM(E35:E41))*0.1 -> 530.0232 | F50: =ROUND(SUM(C50:E50),-2) -> 35500 | H50: =F50 -> 35500 | I50: =C50*$C$68^3 -> 24411.546 | J50: =D50*$C$68^3 -> 12654.177 | K50: =E50*$C$68^3 -> 562.46486 | L50: =I50*$C$68^3 -> 25905.728 | M50: =J50*$C$68^3 -> 13428.714 | N50: =K50*$C$68^3 -> 596.89221 | O50: =L50*$C$68^3 -> 27491.366 | P50: =M50*$C$68^3 -> 14250.659 | Q50: =N50*$C$68^3 -> 633.42679 | R50: =O50*$C$68^3 -> 29174.057 | S50: =P50*$C$68^3 -> 15122.913 | ... Y50: =V50*$C$68^3 -> 17030.857
B52: Annual HPF Funded Budget | C52: =SUM(C35:C51) -> 286160.72 | D52: =SUM(D35:D51) -> 138615.37 | E52: =SUM(E35:E51) -> 14221.295
B53: Total 2015-2017 Thermal Energy Process Fuel Evaluation | C53: =F50+F44+F38+F34 -> 439000 | H53: =SUM(H34+H38+H44+H50) -> 240400 | I53: =SUM(I35:I52) -> 203158.27 | J53: =SUM(J35:J52) -> 143019.71 | K53: =SUM(K35:K52) -> 15091.752 | L53: =SUM(L35:L52) -> 215593.18 | M53: =SUM(M35:M52) -> 147612.03 | N53: =SUM(N35:N52) -> 16015.488 | O53: =SUM(O35:O52) -> 228789.21 | P53: =SUM(P35:P52) -> 152402.2 | ... Y53: =SUM(Y35:Y52) -> 168067.37
B55: FCM Evaluation | F55: =SUM(F56:F57) -> 1882000 | H55: =F55 -> 1882000
B56: Core FCM Evaluation [10] | C56: =SVFCM!F15 -> 632134.19 | D56: =SVFCM!G15 -> 555384.1 | E56: =SVFCM!H15 -> 634757.8 | F56: =ROUND(SUM(C56:E56),-2) -> 1822300 | H56: =F56 -> 1822300 | I56: =E56*1.026 -> 651261.5 | J56: =I56*$C$68 -> 664286.73 | K56: =J56*$C$68 -> 677572.47 | L56: 618656.98 | M56: 618656.98 | N56: 618656.98 | O56: 618656.98 | P56: 618656.98 | Q56: 618656.98 | R56: 618656.98 | S56: 618656.98 | T56: 618656.98 | U56: 618656.98 | V56: 618656.98 | W56: 618656.98 | X56: 618656.98 | Y56: 618656.98
B57: Regional Coordination [4] | C57: =Regional!F20 -> 19472.58 | D57: =Regional!G20 -> 19883.2 | E57: =Regional!H20 -> 20302.728 | F57: =ROUND(SUM(C57:E57),-2) -> 59700 | H57: =F57 -> 59700 | I57: =E57*1.026 -> 20830.599 | J57: =I57*$C$68 -> 21247.21 | K57: =J57*$C$68 -> 21672.155 | L57: =K57*$C$68 -> 22105.598 | M57: =L57*$C$68 -> 22547.71 | N57: =M57*$C$68 -> 22998.664 | O57: =N57*$C$68 -> 23458.637 | P57: =O57*$C$68 -> 23927.81 | Q57: =P57*$C$68 -> 24406.366 | ... Y57: =X57*$C$68 -> 28595.948
B59: Annual FCM Evaluation Budget | C59: =SUM(C56:C58) -> 651606.77 | D59: =SUM(D56:D58) -> 575267.3 | E59: =SUM(E56:E58) -> 655060.53
B60: Total 2015-2017 FCM Revenue Funded Budget | C60: =F55 -> 1882000 | H60: =C60 -> 1882000 | I60: =SUM(I56:I59) -> 672092.1 | J60: =SUM(J56:J59) -> 685533.94 | K60: =SUM(K56:K59) -> 699244.62 | L60: =SUM(L56:L59) -> 640762.57 | M60: =SUM(M56:M59) -> 641204.69 | N60: =SUM(N56:N59) -> 641655.64 | O60: =SUM(O56:O59) -> 642115.61 | P60: =SUM(P56:P59) -> 642584.79 | ... Y60: =SUM(Y56:Y59) -> 647252.92
C63: EEC Cost Share | D63: 0.88
C64: TEPF Cost Share | D64: 0.12
A66: [Notes]
A67: * | B67: Indicates a split funded EEC (88%) and TEPF (12%) activity as described in 'EEC TEPF % Share Reference' tab - based on % share of total EEC and TEPF three year budgets
A68: 1 | B68: Inflation = | C68: 1.02
A69: 2 | B69: GT - Assume no specific GT study necessary. Setaside for potential future GT study.
A70: 3 | B70: HPwES study for the electric portion of the overall HPwES study.
A71: 4 | B71: Regional Coordination is $239,000 over three years shared between EEC (75%) and FCM (25%) revenues, as described on 'Regional' tab.
A72: 5 | B72: Planning and Management activities, informing and relating to areas funded by multiple sources, are proposed to be funded by both TEPF and EEC Funds as described on the 'plan&Mgmt' tab.
A73: 6 | B73: Contingency -- All budget values are estimates, and subject to varying degrees of uncertainty - especially with regards to projects that where competitive bids are solicited. Planning and Management costs not subject to contingency factor (5%)
A74: 7 | B74: Behavioral Evaluation Contingency - Budget amount included as contingency depending upon PSB order re behaviour
A75: 8 | B75: HPwES evaluation assumes cost share equal to HPwES program in 2012. future costs assume full cost funded from HPF Revenue sources
A76: 9 | B76: TEPF funding is highly uncertain, and thus programs may change throughout the funding period. DPS proposes a contingency fund of 10% annual evaluation budgets to address specific issues as they arise. In most cases, TEPF contingency will likely be used to leverage additional evaluation activity from other avenues
A77: 10 | B77: FCM Core Evaluation held constat beginning in 2017 recognizing regional work and efficiencies will hold costs down
A78: 11 | B78: Three year totals rounded to nearest 100
A79: 12 | B79: Carryover represented here is only for prior approved PSD evaluations that have not yet taken place and no funds have been spent. This does not represent all of the funds that the PSD may request to carryover from the 2012-2014 period.
A80: 13 | B80: Represents the actual budget impact of Evaluation on calculating the EEC if carrying over these specific ear marked funds are approved. The evaluations that include carryover funds are scheduled for early 2015.
A82: Other | B82: SMEEP tabincluded on this spreadsheet for reference purposes. This tab may not represent full costs associated with this efforts.
B83: Natural Gas Efficeincy Evaluation is not included in this spreadsheet
B84: CEED not shown here due to CEED annual evaluation plan requirements.
C89: 2015 | D89: 2016 | E89: 2017
B90: EEC | C90: =ROUND(C7+C8+C9+C11+C16+C17+C18+C25+C28+C29,-2) -> 763000 | D90: =ROUND(D7+D8+D9+D11+D16+D17+D18+D25+D28+D29,-2) -> 679600 | E90: =ROUND(E7+E8+E9+E11+E16+E17+E18+E25+E28+E29,-2) -> 777700 | G90: =ROUND(AVERAGE(C90:E90),-2) -> 740100 | H90: =G90*3 -> 2220300
B91: EEC/TEPF | C91: =ROUND(C10+C14+C15+C22+C23+C24+C26+C19,-2) -> 1426900 | D91: =ROUND(D10+D14+D15+D22+D23+D24+D26+D19,-2) -> 206400 | E91: =ROUND(E10+E14+E15+E22+E23+E24+E26+E19,-2) -> 104500 | G91: =ROUND(AVERAGE(C91:E91),-2) -> 579300 | H91: =G91*3 -> 1737900
B92: TEPF/EEC | C92: =ROUND(C39+C40+C41+C42+C45+C46+C47+C48,-2) -> 194100 | D92: =ROUND(D39+D40+D41+D42+D45+D46+D47+D48,-2) -> 27700 | E92: =ROUND(E39+E40+E41+E42+E45+E46+E47+E48,-2) -> 13700 | G92: =ROUND(AVERAGE(C92:E92),-2) -> 78500 | H92: =G92*3 -> 235500
B93: TEPF | C93: =ROUND(C35+C36+C50,-2) -> 92000 | D93: =ROUND(D35+D36+D50,-2) -> 110900 | E93: =ROUND(E35+E36+E50,-2) -> 500 | G93: =ROUND(AVERAGE(C93:E93),-2) -> 67800 | H93: =G93*3 -> 203400
B94: FCM | C94: =ROUND(C56+C57,-2) -> 651600 | D94: =ROUND(D56+D57,-2) -> 575300 | E94: =ROUND(E56+E57,-2) -> 655100 | G94: =ROUND(AVERAGE(C94:E94),-2) -> 627300 | H94: =G94*3 -> 1881900
C97: 2015 | D97: 2016 | E97: 2017
B98: EEC Share | C98: =(G90+G91) -> 1319400 | D98: =(G90+G91) -> 1319400 | E98: =(G90+G91) -> 1319400
B99: TEPF Share | C99: =ROUND((G92+G93+G94),-2) -> 773600 | D99: =ROUND((G92+G93+G94),-2) -> 773600 | E99: =ROUND((G92+G93+G94),-2) -> 773600
C100: =C98+C99 -> 2093000 | D100: =D98+D99 -> 2093000 | E100: =E98+E99 -> 2093000
B102: EVT EEC Share | C102: =ROUND(C98*0.94,-2) -> 1240200 | D102: =ROUND(D98*0.94,-2) -> 1240200 | E102: =ROUND(E98*0.94,-2) -> 1240200
B103: BED EEC Share | C103: =ROUND(C99*0.94,-2) -> 727200 | D103: =ROUND(D99*0.94,-2) -> 727200 | E103: =ROUND(E99*0.94,-2) -> 727200
C104: =C102+C103 -> 1967400 | D104: =D102+D103 -> 1967400 | E104: =E102+E103 -> 1967400
B106: EVT TEPF Share | C106: =ROUND(C99*0.96,-2) -> 742700 | D106: =ROUND(D99*0.96,-2) -> 742700 | E106: =ROUND(E99*0.96,-2) -> 742700
B107: BED TEPF Share | C107: =ROUND(C99*0.04,-2) -> 30900 | D107: =ROUND(D99*0.04,-2) -> 30900 | E107: =ROUND(E99*0.04,-2) -> 30900
C108: =C106+C107 -> 773600 | D108: =D106+D107 -> 773600 | E108: =E106+E107 -> 773600

Sheet Staff Hours Summary
B2: Funding Mix and Staff Hours Allocation Summary
C4: Summary of Staff Hours
B5: Task | C5: 2015 | D5: 2016 | E5: 2017 | F5: Total 2015-17
B6: Energy Efficiency Charge (EEC) | C6: =C39 -> 3260.78 | D6: =D39 -> 2865.68 | E6: =E39 -> 2927.36 | F6: =SUM(C6:E6) -> 9053.82
B7: Heating and Process Fuels (HPF) | C7: =C57 -> 470.67 | D7: =D57 -> 162.32 | E7: =E57 -> 80.04 | F7: =SUM(C7:E7) -> 713.03
B8: Forward Capacity Market (FCM) | C8: =C63 -> 693 | D8: =D63 -> 632 | E8: =E63 -> 693 | F8: =SUM(C8:E8) -> 2018
B9: Total Hours [1] | C9: =SUM(C6:C8) -> 4424.45 | D9: =SUM(D6:D8) -> 3660 | E9: =SUM(E6:E8) -> 3700.4 | F9: =SUM(F6:F8) -> 11784.85
B10: Full Time Staff Equivalent [2] | C10: =C9/1800 -> 2.4580278 | D10: =D9/1800 -> 2.0333333 | E10: =E9/1800 -> 2.0557778 | F10: =(F9/3)/1800 -> 2.1823796
C13: Breakout of Staff Hours
B14: Task | C14: 2015 | D14: 2016 | E14: 2017 | F14: Total 2015-17
B16: Core EEC Evaluation Activities | F16: =F17+F18+F19+F20+F21 -> 4654.7
B17: Annual Savings Verification | C17: =SVFCM!F27 -> 312 | D17: =SVFCM!G27 -> 251 | E17: =SVFCM!H27 -> 312 | F17: =C17+D17+E17 -> 875
B18: Geotargeting | C18: =GT!F9 -> 0 | D18: =GT!G9 -> 97 | E18: =GT!H9 -> 387 | F18: =C18+D18+E18 -> 484
B19: Technical Advisory Group and Technical Reference Manual | C19: =TAGTRM!F9 -> 708.5 | D19: =TAGTRM!G9 -> 708.5 | E19: =TAGTRM!H9 -> 708.5 | F19: =C19+D19+E19 -> 2125.5
B20: Market Characterizations* | C20: ='Mkt Characterizations'!F9*0.88 -> 695.2 | D20: ='Mkt Characterizations'!G9*0.88 -> 0 | E20: ='Mkt Characterizations'!H9*0.88 -> 0 | F20: =C20+D20+E20 -> 695.2
B21: Benchmarking | C21: =Benchmarking!F9 -> 80 | D21: =Benchmarking!G9 -> 315 | E21: =Benchmarking!H9 -> 80 | F21: =C21+D21+E21 -> 475
B23: Supporting EEC Evaluation | F23: =F24+F25+F27+F28+F29+F30 -> 2338.82
B24: Non-Resource Acquisition Initiatives* | C24: =NRA!F10*0.88 -> 70.4 | D24: =NRA!G10*0.88 -> 176 | E24: =NRA!H10*0.88 -> 155.76 | F24: =C24+D24+E24 -> 402.16
B25: Administrative Efficiency* | C25: ='Admin Efficiency'!F8*0.88 -> 0 | D25: ='Admin Efficiency'!G8*0.88 -> 152.68 | E25: ='Admin Efficiency'!H8*0.88 -> 0 | F25: =C25+D25+E25 -> 152.68
B26: HPwES (elec Only) | C26: ='HPwEs (elec)'!F9 -> 75.5 | D26: ='HPwEs (elec)'!G9 -> 0 | E26: ='HPwEs (elec)'!H9 -> 0 | F26: =C26+D26+E26 -> 75.5
B27: Energy Savings Accounts & Customer Credit Program | C27: ='ESA CCP'!C10+'ESA CCP'!C21 -> 170 | D27: ='ESA CCP'!D10+'ESA CCP'!D21 -> 170 | E27: ='ESA CCP'!E10+'ESA CCP'!E21 -> 290 | F27: =C27+D27+E27 -> 630
B28: Regional Coordination [3] | C28: =(Regional!F8*0.75) -> 66 | D28: =(Regional!G8*0.75) -> 66 | E28: =(Regional!H8*0.75) -> 66 | F28: =C28+D28+E28 -> 198
B29: Behavioral Change Evaluation | C29: =Behavioral!F10 -> 248.5 | D29: =Behavioral!G10 -> 187.5 | E29: =Behavioral!H10 -> 248.5 | F29: =C29+D29+E29 -> 684.5
B30: Operational Performace Assessment | C30: =OPA!F14*0.88 -> 271.48 | D30: =OPA!G14*0.88 -> 0 | E30: =OPA!H14*0.88 -> 0 | F30: =C30+D30+E30 -> 271.48
B32: Planning and Management | F32: =F33+F34+F35 -> 1592.8
B33: Evaluation Planning & Administration* | C33: ='Plan&Mgmt'!C11*0.88 -> 184.8 | D33: ='Plan&Mgmt'!D11*0.88 -> 184.8 | E33: ='Plan&Mgmt'!E11*0.88 -> 308 | F33: =C33+D33+E33 -> 677.6
B34: Expert Technical Assistance* | C34: ='Plan&Mgmt'!C31*0.88 -> 255.2 | D34: ='Plan&Mgmt'!D31*0.88 -> 154 | E34: ='Plan&Mgmt'!E31*0.88 -> 136.4 | F34: =C34+D34+E34 -> 545.6
B35: Evaluation Training & Development* | C35: ='Plan&Mgmt'!D50*0.88 -> 123.2 | D35: ='Plan&Mgmt'!E50*0.88 -> 123.2 | E35: ='Plan&Mgmt'!F50*0.88 -> 123.2 | F35: =C35+D35+E35 -> 369.6
B36: DRP | C36: ='Plan&Mgmt'!F92 -> 0 | D36: ='Plan&Mgmt'!G92 -> 280 | E36: ='Plan&Mgmt'!H92 -> 112
F37: =C38+D38+E38 -> 0
B38: Contingency | C38: 0 | D38: 0 | E38: 0
B39: Annual EEC Hours | C39: =SUM(C17:C38) -> 3260.78 | D39: =SUM(D17:D38) -> 2865.68 | E39: =SUM(E17:E38) -> 2927.36
B40: Staff Hours 2015-17 (EEC) | C40: =F16+F23+F32+F37 -> 8586.32
B42: Core Heating and Process Fuel Evaluation | F42: =F43+F44 -> 362.75
B43: HPwES Evaluation | C43: =HPwES!F11 -> 287.25 | D43: =HPwES!G11 -> 0 | E43: =HPwES!H11 -> 0 | F43: =C43+D43+E43 -> 287.25
B44: TEPF Potential Study | C44: ='TEPF Potential'!F9 -> 0 | D44: ='TEPF Potential'!G9 -> 75.5 | E44: ='TEPF Potential'!H9 -> 0 | F44: =C44+D44+E44 -> 75.5
B46: Shared Heating and Process Fuel Evaluation | F46: =F48+F49+F47+F50 -> 207.48
B47: Market Characterizations* | C47: ='Mkt Characterizations'!F9*0.12 -> 94.8 | D47: ='Mkt Characterizations'!G9*0.12 -> 0 | E47: ='Mkt Characterizations'!H9*0.12 -> 0 | F47: =SUM(C47:E47) -> 94.8
B48: Non-Resource Acquisition Initiatives* | C48: =NRA!F10*0.12 -> 9.6 | D48: =NRA!G10*0.12 -> 24 | E48: =NRA!H10*0.12 -> 21.24 | F48: =SUM(C48:E48) -> 54.84
B49: Administrative Efficiency* | C49: ='Admin Efficiency'!F8*0.12 -> 0 | D49: ='Admin Efficiency'!G8*0.12 -> 20.82 | E49: ='Admin Efficiency'!H8*0.12 -> 0 | F49: =SUM(C49:E49) -> 20.82
B50: Operational Performace Assessment | C50: =OPA!F14*0.12 -> 37.02 | D50: =OPA!G14*0.12 -> 0 | E50: =OPA!H14*0.12 -> 0 | F50: =SUM(C50:E50) -> 37.02
B52: Shared Planning and Management | F52: =F53+F54 -> 142.8
B53: Evaluation Planning & Administration* | C53: ='Plan&Mgmt'!C11*0.12 -> 25.2 | D53: ='Plan&Mgmt'!D11*0.12 -> 25.2 | E53: ='Plan&Mgmt'!E11*0.12 -> 42 | F53: =SUM(C53:E53) -> 92.4
B54: Evaluation Training & Development* | C54: ='Plan&Mgmt'!D50*0.12 -> 16.8 | D54: ='Plan&Mgmt'!E50*0.12 -> 16.8 | E54: ='Plan&Mgmt'!F50*0.12 -> 16.8 | F54: =SUM(C54:E54) -> 50.4
B56: HPF Contingency | C56: 0 | D56: 0 | E56: 0 | F56: =SUM(C56:E56) -> 0
B57: Annual HPF Hours | C57: =SUM(C42:C56) -> 470.67 | D57: =SUM(D42:D56) -> 162.32 | E57: =SUM(E42:E56) -> 80.04
B58: Staff Hours 2015-2017 (TEPF) | C58: =F42+F46+F52+F56 -> 713.03
B60: FCM Evaluation | F60: =F61+F62 -> 2018
B61: Core FCM Evaluation | C61: =SVFCM!F9 -> 671 | D61: =SVFCM!G9 -> 610 | E61: =SVFCM!H9 -> 671 | F61: =C61+D61+E61 -> 1952
B62: Regional Coordination [3] | C62: =Regional!F8*0.25 -> 22 | D62: =Regional!G8*0.25 -> 22 | E62: =Regional!H8*0.25 -> 22 | F62: =C62+D62+E62 -> 66
B63: Annual FCM Hours | C63: =SUM(C61:C62) -> 693 | D63: =SUM(D61:D62) -> 632 | E63: =SUM(E61:E62) -> 693
B64: Staff Hours 2015-2017 (FCM) | C64: =F60 -> 2018
A65: [Notes]
A66: *
A67: 1 | B67: Indicates a split funded EEC (88%) and HPF (12%) activity as described in 'EEC HPF % Share Reference' tab - based on % share of total EEC and HPF three year budgets
A68: 2 | B68: Totals do dot include staff hours for any EEC/HPF Contingency, GMP EEF, SMEEP or any future Natural Gas evaluation activities
A69: 3 | B69: Based on 40 hours per week for 45 weeks
B70: 80 hours total from Regional Coordination shared between EEC (75%) and FCM (25%)

Sheet SVFCM
B1: Annual Savings Verification and FCM
B3: year 2014 current process | E3: FCM Only | F3: BED AND EVT
B4: Staff Hours
F5: 2015 | G5: 2016 | H5: 2017 | I5: Total | J5: Notes
B6: Administrative cost RFP/hire contractor | F6: ='RFP-Contract Process Assump'!$C$9 -> 61 | H6: ='RFP-Contract Process Assump'!$C$9 -> 61 | I6: =SUM(F6:H6) -> 122 | J6: See "RFP-Contract Process Assump" tab
B7: Contract Management / report review etc. | F7: =8*45 -> 360 | G7: =8*45 -> 360 | H7: =8*45 -> 360 | I7: =SUM(F7:H7) -> 1080 | J7: 8 hours/ week 45 weeks per year
B8: Internal Staff Project Review | F8: =25*10 -> 250 | G8: =25*10 -> 250 | H8: =25*10 -> 250 | I8: =SUM(F8:H8) -> 750 | J8: 25 hours per project (rough estimate of current)*10 projects -
B9: Total Staff hours | F9: =SUM(F6:F8) -> 671 | G9: =SUM(G6:G8) -> 610 | H9: =SUM(H6:H8) -> 671 | I9: =SUM(F9:H9) -> 1952 | J9: Some DPS reviews are relatively simple stipulated projects, some are contractors estimate 36 hours per project - blended hour/project used here
E10: Total Staff Costs | F10: =F9*'Staff rate assump'!B10 -> 32134.19 | G10: =G9*'Staff rate assump'!C10 -> 30384.1 | H10: =H9*'Staff rate assump'!D10 -> 34757.8 | I10: =SUM(F10:H10) -> 97276.09
I12: Total | J12: Notes
B13: FCM Contractor Budget is | F13: 600000 | G13: 525000 | H13: 600000 | I13: =SUM(F13:H13) -> 1725000 | J13: Projected efficiency gains: holding costs constant - not including inflation
E15: total FCM only budgets | F15: =F13+F10 -> 632134.19 | G15: =G13+G10 -> 555384.1 | H15: =H13+H10 -> 634757.8 | I15: =I13+I10 -> 1822276.1
N16: assumed contractor costs $/hr
M17: 2013 | N17: 2015 | O17: 2016 | P17: 2017
M18: 145 | N18: =M18*Q23 -> 147.9 | O18: =N18*Q23 -> 150.858 | P18: =O18*Q23 -> 153.87516
B20: year 2014 current process | E20: SV only | F20: BED and EVT
B21: Staff Hours
F22: 2015 | G22: 2016 | H22: 2017 | I22: Total | Q22: Inflation
B23: Administrative cost RFP/hire contractor | F23: ='RFP-Contract Process Assump'!$C$9 -> 61 | H23: ='RFP-Contract Process Assump'!$C$9 -> 61 | I23: =SUM(F23:H23) -> 122 | J23: See "RFP-Contract Process Assump" tab | Q23: 1.02
B24: Contract Management/ report review etc. | F24: =3*15+2*8 -> 61 | G24: =3*15+2*8 -> 61 | H24: =3*15+2*8 -> 61 | I24: =SUM(F24:H24) -> 183 | J24: 3 hours per week for 15 weeks + 2 hours per week for 8 weeks
B25: Internal Staff Project Review | F25: =10*15 -> 150 | G25: =10*15 -> 150 | H25: =10*15 -> 150 | I25: =SUM(F25:H25) -> 450 | J25: 10 projects per year - paper review and write up. 15 hours per project used
B26: Site Visits | F26: 40 | G26: 40 | H26: 40 | I26: =SUM(F26:H26) -> 120 | J26: 10 Site visits at 4 hrs each
B27: Total Staff hours | F27: =SUM(F23:F26) -> 312 | G27: =SUM(G23:G26) -> 251 | H27: =SUM(H23:H26) -> 312 | I27: =SUM(I23:I26) -> 875
E28: Total Staff Costs | F28: =F27*'Staff rate assump'!B10 -> 14941.68 | G28: =G27*'Staff rate assump'!C10 -> 12502.31 | H28: =H27*'Staff rate assump'!D10 -> 16161.6 | I28: =SUM(F28:H28) -> 43605.59
I29: Total
B30: SV Contractor Budget | F30: =161933*1.02 -> 165171.66 | G30: =F30*1.02 -> 168475.09 | H30: =G30*1.02 -> 171844.6 | I30: =SUM(F30:H30) -> 505491.35 | J30: From proposal received for verification activities 2013-2014. Held constant with inflation adjustment.
C32: total SV budgets contractor + staff | F32: =F30+F28 -> 180113.34 | G32: =G30+G28 -> 180977.4 | H32: =H30+H28 -> 188006.2 | I32: =SUM(F32:H32) -> 549096.94
F34: 2015 | G34: 2016 | H34: 2017 | I34: Total
B35: Allocation to CEED Fund | F35: 20000 | G35: 20000 | H35: 20000 | I35: =SUM(F35:H35) -> 60000 | J35: Costs of evaluation CEED within SV held constant
B36: Allocation to EEC | E36: =1-E35 -> 1 | F36: =F32-F35 -> 160113.34 | G36: =G32-G35 -> 160977.4 | H36: =H32-H35 -> 168006.2 | I36: =SUM(F36:H36) -> 489096.94
I38: =I35+I36 -> 549096.94

Sheet GT
B2: GeoTargeting
B4: Staff Hours
F5: 2015 | G5: 2016 | H5: 2017 | I5: Total | J5: Note RFP and Mgmt costs not previously included in EEC budgets
B6: RFP/hire contractor cost | G6: ='RFP-Contract Process Assump'!C9 -> 61 | I6: =SUM(F6:H6) -> 61 | J6: Assumes one study in next cycle
B7: Contract Management | G7: =2*5 -> 10 | H7: =2*18.5 -> 37 | I7: =SUM(F7:H7) -> 47 | J7: 2 hour per week for 22.5 weeks (half a year)
B8: Staff Hours | G8: 26 | H8: 350 | I8: =SUM(F8:H8) -> 376 | J8: Largely Process Evaluation | O8: Inflation | P8: 1.02 | S8: =1.02*1.02*1.02*1.02 -> 1.0824322
B9: Total Staff hours | F9: =SUM(F6:F8) -> 0 | G9: =SUM(G6:G8) -> 97 | H9: =SUM(H6:H8) -> 387 | I9: =SUM(F9:H9) -> 484
B10: Total Staff Costs | F10: =F9*'Staff rate assump'!B10 -> 0 | G10: =G9*'Staff rate assump'!C10 -> 4831.57 | H10: =H9*'Staff rate assump'!D10 -> 20046.6 | I10: =SUM(F10:H10) -> 24878.17
L12: Estimate average hourly rate associated with 2010 GT Evaluation
I13: Total | N13: assumed contractor costs $/hr
B14: Contractor budget | H14: =K31 -> 148145.37 | I14: =SUM(F14:H14) -> 148145.37 | L14: 2010 | M14: 2014 | N14: 2015 | O14: 2016 | P14: 2017
L15: =Q18 -> 164.23077 | M15: =L15*S8 -> 177.76867 | N15: =M15*P8 -> 181.32404 | O15: =N15*P8 -> 184.95052 | P15: =O15*P8 -> 188.64953
B16: Total Budgets | F16: =F14+F10 -> 0 | G16: =G14+G10 -> 4831.57 | H16: =H14+H10 -> 168191.97 | I16: =I14+I10 -> 173023.54
Q17: =275+180+275+180+165+165+130+130+110+110+135+135+145 -> 2135
Q18: =Q17/13 -> 164.23077
B19: GT Assumptions | F19: Staff Hours | I19: Contractor hours
F20: Units | G20: Hours Per | H20: Total Hours | I20: Units | J20: Hours Per | K20: Total Hours | L20: 2010 contractor hrs
B21: DPS Planning | F21: 1 | G21: 20 | H21: =G21*F21 -> 20 | I21: 1 | J21: 40 | K21: =J21*I21 -> 40 | L21: 40
B22: Process Eval - Selection Areas | F22: 1 | G22: 80 | H22: =G22*F22 -> 80 | I22: 1 | J22: 24 | K22: =J22*I22 -> 24 | L22: 155
B23: Process Eval - Prog Implementation | F23: 2 | G23: 80 | H23: =G23*F23 -> 160 | I23: 1 | J23: 40 | K23: =J23*I23 -> 40 | L23: 155
B24: Impact Evaluation - Savings Results | I24: 1 | J24: 255 | K24: =J24*I24 -> 255 | L24: 255
B25: Impact Evaluation - Systems Level | I25: 1 | J25: 250 | K25: =J25*I25 -> 250 | L25: 220
B26: Analysis & Draft Reporting | I26: 1 | J26: 100 | K26: =J26*I26 -> 100 | L26: 110
B27: Final Report | F27: 1 | G27: 80 | H27: =G27*F27 -> 80 | I27: 1 | J27: 80 | K27: =J27*I27 -> 80 | L27: 122
B28: Monthly meetings | F28: 6 | G28: 2 | H28: =G28*F28 -> 12 | I28: 6 | J28: 2 | K28: 12
B29: Management & Coordination | F29: 6 | G29: 4 | H29: =G29*F29 -> 24
B30: Total Hours | H30: =SUM(H21:H29) -> 376 | K30: =SUM(K21:K29) -> 801
I31: Contractor Budget | K31: =K30*O15 -> 148145.37
B33: Note - process evaluation contractor retained to assist DPS in development of instruments

Sheet TAGTRM
B2: Technical Advisory Group and Technical Reference Manual Review
B4: Staff Hours
F5: 2015 | G5: 2016 | H5: 2017 | I5: Total
B6: Administrative cost RFP/hire contractor | I6: =SUM(F6:H6) -> 0
B7: Contract Management | F7: =0.5*45 -> 22.5 | G7: =0.5*45 -> 22.5 | H7: =0.5*45 -> 22.5 | I7: =SUM(F7:H7) -> 67.5
B8: Internal Staff Work | F8: =H26+H32 -> 686 | G8: =H26+H32 -> 686 | H8: =H26+H32 -> 686 | I8: =SUM(F8:H8) -> 2058
B9: Total Staff hours | F9: =SUM(F6:F8) -> 708.5 | G9: =SUM(G6:G8) -> 708.5 | H9: =SUM(H6:H8) -> 708.5 | I9: =SUM(F9:H9) -> 2125.5
B10: Total Staff Costs | F10: =F9*'Staff rate assump'!$B$10 -> 33930.065 | G10: =G9*'Staff rate assump'!C10 -> 35290.385 | H10: =H9*'Staff rate assump'!D10 -> 36700.3 | I10: =SUM(F10:H10) -> 105920.75
N11: Contractor costs based upon current avg contractor rate for TAG services
M12: 2011 | N12: 2012 | O12: 2013 | P12: 2014
I13: Total | M13: 135 | N13: =M13*S14 -> 137.7 | O13: =N13*S14 -> 140.454 | P13: =O13*S14 -> 143.26308
B14: Contractor assistance budget | F14: 30000 | G14: 30000 | H14: 30000 | I14: =SUM(F14:H14) -> 90000 | R14: Inflation | S14: 1.02
N15: Contractor Hours Per year
B16: Total Budgets | F16: =F14+F10 -> 63930.065 | G16: =G14+G10 -> 65290.385 | H16: =H14+H10 -> 66700.3 | I16: =I14+I10 -> 195920.75 | N16: =F14/N13 -> 217.86492 | O16: =G14/O13 -> 213.59306 | P16: =H14/P13 -> 209.40496
B20: TAG Assumptions | F20: Staff Hours | I20: Contractor hours
F21: Units | G21: Hours Per | H21: Total Hours | I21: Units | J21: Hours Per | K21: Total Hours
B22: TAG monthly meetings | F22: 12 | G22: 3 | H22: =F22*G22 -> 36 | I22: 7 | J22: 3 | K22: =I22*J22 -> 21 | L22: hours include some travel time
B23: Review of EVT proposals | F23: 30 | G23: 3 | H23: =F23*G23 -> 90 | I23: 20 | J23: 3 | K23: =I23*J23 -> 60
B24: Development of counter proposals | F24: 15 | G24: 8 | H24: =F24*G24 -> 120 | I24: 10 | J24: 4 | K24: =I24*J24 -> 40
B25: Discussion of proposals | F25: 20 | G25: 4 | H25: =F25*G25 -> 80 | I25: 20 | J25: 2 | K25: =I25*J25 -> 40
B26: Total Hours | H26: =SUM(H22:H25) -> 326 | K26: =SUM(K22:K25) -> 161
B28: TRM Assumptions | F28: Staff Hours | I28: Contractor hours
F29: Units | G29: Hours Per | H29: Total Hours | I29: Units | J29: Hours Per | K29: Total Hours
B30: TRM Updates | F30: 120 | G30: 2 | H30: =F30*G30 -> 240 | I30: 60 | J30: 1 | K30: =I30*J30 -> 60 | L30: Number of updates as estimated by EVT average of 1.5 hour per - some are same TRM with changes due to different market
B31: Meetings and Discussions | F31: 20 | G31: 6 | H31: =F31*G31 -> 120 | I31: 20 | J31: 4 | K31: =I31*J31 -> 80
B32: Total Hours | H32: =SUM(H30:H31) -> 360 | K32: =SUM(K30:K31) -> 140
B34: Note - hours are expected to be significantly greater than historical due to increased rigor in TRM updates and faster changes in efficiency markets

Sheet Mkt Characterizations
B2: Market Characterizations | K2: Inflation | L2: 1.02
B4: Staff Hours
F5: 2015 | G5: 2016 | H5: 2017 | I5: Total | J5: Notes
B6: RFP/hire contractor cost | F6: ='RFP-Contract Process Assump'!C9*2 -> 122 | I6: =SUM(F6:G6) -> 122 | J6: 2 RFPs one each res and com
B7: Planning & Contract Management | F7: =(45*2*2)+(6*2*4)+H24+H34 -> 268 | I7: =SUM(F7:H7) -> 268 | J7: 45 week project 2 hrs week for 2 projects+6 onsites QC for each res/com 4 hrs each
B8: Internal Staff performing portion of work formerly contractors | F8: =H27+H28+H37+H38+H29+H39 -> 400 | I8: =SUM(F8:H8) -> 400
B9: Total Staff hours | F9: =SUM(F6:F8) -> 790 | G9: =SUM(G6:G8) -> 0 | H9: =SUM(H6:H8) -> 0 | I9: =SUM(F9:H9) -> 790
B10: Total Staff Costs | F10: =F9*'Staff rate assump'!B10 -> 37833.1 | G10: =G9*'Staff rate assump'!C10 -> 0 | H10: =H9*'Staff rate assump'!D10 -> 0 | I10: =SUM(F10:H10) -> 37833.1
B13: Contractor Budgets (EEC Funded) | F13: 2015 | G13: 2016 | H13: 2017 | I13: Total
B14: Business Sector Budget | F14: 700000 | I14: =SUM(F14:H14) -> 700000
B15: Residential Sector Budget | F15: 600000 | I15: =SUM(F15:H15) -> 600000 | J15: Contractor budgets assumed to hold nominally flat from 2011 budgets due to efficiencies, DPS assuming some survey design as described below
B17: Total Budgets | F17: =F15+F10+F14 -> 1337833.1 | G17: =G10 -> 0 | H17: =H10+H14+H15 -> 0 | I17: =I15+I10+I14 -> 1337833.1 | J17: note some contribution may be made by Gas EEU to provide data in Gas territory
B19: EEC Share | F19: =F17*'Overall Summary'!$D$63 -> 1177293.1 | G19: =G17*'Overall Summary'!$D$63 -> 0 | H19: =H17*'Overall Summary'!$D$63 -> 0 | I19: =SUM(F19:H19) -> 1177293.1
B20: TEPF Share | F20: =F17*'Overall Summary'!$D$64 -> 160539.97 | G20: =G17*'Overall Summary'!$D$64 -> 0 | H20: =H17*'Overall Summary'!$D$64 -> 0 | I20: =SUM(F20:H20) -> 160539.97
B22: Residential Assumptions | F22: Staff Hours | O22: Contractor budget overall
F23: Units | G23: Hours Per | H23: Total Hours | O23: 2011 | P23: 2012 | Q23: 2013 | R23: 2014
B24: Planning | F24: 1 | G24: 20 | H24: =G24*F24 -> 20 | N24: com | O24: 575000 | P24: =O24*1.026 -> 589950 | Q24: =P24*1.026 -> 605288.7 | R24: =Q24*1.026 -> 621026.21
B25: Sample Design | I25: contractor | N25: res | O25: 550000 | P25: =O25*1.026 -> 564300 | Q25: =P25*1.026 -> 578971.8 | R25: =Q25*1.026 -> 594025.07
B26: Data Collection - onsite | I26: contractor (QC included in contract management above)
B27: Homeowner Survey Design | F27: 1 | G27: 60 | H27: =F27*G27 -> 60
B28: Market Actor Survey Design & Complete | F28: 1 | G28: 80 | H28: =F28*G28 -> 80
B29: Analysis & Reporting | F29: 1 | G29: 60 | H29: =F29*G29 -> 60 | O29: Rough estimate for rates associated with 2011 market assessments
B30: Total Hours | H30: =SUM(H24:H29) -> 220 | P30: assumed contractor costs $/hr
O31: 2011 | P31: 2012 | Q31: 2013 | R31: 2014
B32: Business Assumptions | F32: Staff Hours | N32: commercial | O32: =(275+190+140+190+175+175+175+120+120+100+100+100+100+90)/12 -> 170.83333 | P32: =O32*L2 -> 174.25 | Q32: =P32*L2 -> 177.735 | R32: =Q32*L2 -> 181.2897
F33: Units | G33: Hours Per | H33: Total Hours | N33: residential | O33: 121.4 | P33: =O33*1.026 -> 124.5564 | Q33: =P33*1.026 -> 127.79487 | R33: =Q33*1.026 -> 131.11753
B34: DPS Planning | F34: 1 | G34: 20 | H34: =G34*F34 -> 20 | I34: included in contract management above
B35: Sample Design | I35: contractor
B36: Data Collection on-site | I36: contractor (QC included in contract management above)
B37: Homeowner Survey Design | F37: 1 | G37: 60 | H37: =F37*G37 -> 60
B38: Market Actor Survey Design & Complete | F38: 1 | G38: 80 | H38: =F38*G38 -> 80
B39: Analysis & Reporting | F39: 1 | G39: 60 | H39: =F39*G39 -> 60
B40: Total Hours | H40: =SUM(H34:H39) -> 220

Sheet Benchmarking
B2: Benchmarking | K2: Inflation | L2: 1.026
B4: Staff Hours
F5: 2015 | G5: 2016 | H5: 2017 | I5: Total | J5: Notes
B6: RFP/hire contractor cost | F6: 0 | G6: ='RFP-Contract Process Assump'!C9 -> 61 | H6: 0 | I6: =SUM(F6:H6) -> 61
B7: Contract Management | F7: 0 | G7: 60 | H7: 0 | I7: =SUM(F7:H7) -> 60
B8: Staff hours on project | F8: =F25 -> 80 | G8: =G25 -> 194 | H8: =H25 -> 80 | I8: =SUM(F8:H8) -> 354 | J8: Assumes an on-going Benchmarking effort completed in-house
B9: Total Staff hours | F9: =SUM(F6:F8) -> 80 | G9: =SUM(G6:G8) -> 315 | H9: =SUM(H6:H8) -> 80 | I9: =SUM(F9:H9) -> 475
B10: Total Staff Costs | F10: =F9*'Staff rate assump'!B10 -> 3831.2 | G10: =G9*'Staff rate assump'!C10 -> 15690.15 | H10: =H9*'Staff rate assump'!D10 -> 4144 | I10: =SUM(F10:H10) -> 23665.35 | J10: Estimate that contractor would be doing 100% of line 8 work above.
J11: Estimated contractor costs - average of previous contract
P12: assumed contractor costs $/hr
I13: Total | N13: 2010 | O13: 2011 | P13: 2012 | Q13: 2013 | R13: 2014
B14: Contractor budget | F14: 0 | G14: 65000 | H14: =R14*K25 -> 0 | I14: =SUM(F14:H14) -> 65000 | N14: =T16 -> 164.23077 | O14: =N14*L2 -> 168.50077 | P14: =O14*L2 -> 172.88179 | Q14: =P14*L2 -> 177.37672 | R14: =Q14*L2 -> 181.98851
T15: =275+180+275+180+165+165+130+130+110+110+135+135+145 -> 2135
B16: Total Budgets | F16: =F10+F14 -> 3831.2 | G16: =G10+G14 -> 80690.15 | H16: =H10+H14 -> 4144 | I16: =I14+I10 -> 88665.35 | T16: =T15/13 -> 164.23077
B19: Benchmarking Assumptions | F19: Staff Hours
F20: 2015 | G20: 2016 | H20: 2017 | I20: Total Hours
B21: Benchmarking Planning/Design | F21: 0 | G21: 24 | H21: 0 | I21: =SUM(F21:H21) -> 24
B22: Acquire Data | F22: 20 | G22: 80 | H22: 20 | I22: =SUM(F22:H22) -> 120
B23: Benchmarking Analysis | F23: 50 | G23: 50 | H23: 50 | I23: =SUM(F23:H23) -> 150
B24: Reporting | F24: 10 | G24: 40 | H24: 10 | I24: =SUM(F24:H24) -> 60 | J24: Reporting in 2013 higher due to Overall Performance Assessment
B25: Total Hours | F25: =SUM(F21:F24) -> 80 | G25: =SUM(G21:G24) -> 194 | H25: =SUM(H21:H24) -> 80

Sheet NRA
B2: Non-Resource Acquisition Evaluation
B4: Staff Hours
F5: 2015 | G5: 2016 | H5: 2017 | I5: Total | J5: Notes
B6: Activity 1 | F6: 80 | G6: 80 | H6: 80 | I6: =SUM(F6:H6) -> 240 | J6: Assume regular review of one or more activities
C7: Activity 2 | G7: 120 | I7: =SUM(F7:H7) -> 120 | J7: Assume a process evaluation of one activity
B8: RFP/hire contractor cost | H8: ='RFP-Contract Process Assump'!C9 -> 61 | I8: =SUM(F8:H8) -> 61 | J8: Miscellaneous process evaluation chosen to review
B9: Contract Management | G9: 0 | H9: 36 | I9: =SUM(F9:H9) -> 36 | J9: 12 weeks 3 hrs per week
B10: Total Staff hours | F10: =SUM(F6:F9) -> 80 | G10: =SUM(G6:G9) -> 200 | H10: =SUM(H6:H9) -> 177 | I10: =SUM(F10:H10) -> 457 | J10: Largely process evaluation
B11: Total Staff Costs | F11: =F10*'Staff rate assump'!B10 -> 3831.2 | G11: =G10*'Staff rate assump'!C10 -> 9962 | H11: =H10*'Staff rate assump'!D10 -> 9168.6 | I11: =SUM(F11:H11) -> 22961.8
I14: Total
B15: Contractor budget | F15: 0 | G15: 0 | H15: 35000 | I15: =SUM(F15:H15) -> 35000
B17: Total Budgets | F17: =F11+F15 -> 3831.2 | G17: =G11+G15 -> 9962 | H17: =H11+H15 -> 44168.6 | I17: =I11+I15 -> 57961.8
B19: EEC Share | F19: =F17*'Overall Summary'!$D$63 -> 3371.456 | G19: =G17*'Overall Summary'!$D$63 -> 8766.56 | H19: =H17*'Overall Summary'!$D$63 -> 38868.368 | I19: =SUM(F19:H19) -> 51006.384
B20: TEPF Share | F20: =F17*'Overall Summary'!$D$64 -> 459.744 | G20: =G17*'Overall Summary'!$D$64 -> 1195.44 | H20: =H17*'Overall Summary'!$D$64 -> 5300.232 | I20: =SUM(F20:H20) -> 6955.416

Sheet Admin Efficiency
B2: Administrative Efficiency Evaluation
B4: Staff Hours
F5: 2015 | G5: 2016 | H5: 2017 | I5: Total | J5: Notes
B6: RFP/hire contractor cost | G6: ='RFP-Contract Process Assump'!C9 -> 61 | I6: =SUM(G6:H6) -> 61
B7: Contract Management | G7: =2.5*45 -> 112.5 | I7: =SUM(F7:H7) -> 112.5 | J7: 2.5 hours a week for 45 weeks
B8: Total Staff hours | F8: =SUM(F6:F7) -> 0 | G8: =SUM(G6:G7) -> 173.5 | H8: =SUM(H6:H7) -> 0 | I8: =SUM(F8:H8) -> 173.5
B9: Total Staff Costs | F9: =F8*'Staff rate assump'!B10 -> 0 | G9: =G8*'Staff rate assump'!C10 -> 8642.035 | H9: =H8*'Staff rate assump'!D10 -> 0 | I9: =SUM(F9:H9) -> 8642.035
I11: Total
B12: Contractor budget | G12: 150000 | I12: =SUM(F12:H12) -> 150000
B14: Total Budgets | F14: =F9+F12 -> 0 | G14: =G9+G12 -> 158642.04 | H14: =H9+H12 -> 0 | I14: =I9+I12 -> 158642.04
B16: EEC Share | F16: =F14*'Overall Summary'!$D$63 -> 0 | G16: =G14*'Overall Summary'!$D$63 -> 139604.99 | H16: =H14*'Overall Summary'!$D$63 -> 0 | I16: =SUM(F16:H16) -> 139604.99
B17: TEPF Share | F17: =F14*'Overall Summary'!$D$64 -> 0 | G17: =G14*'Overall Summary'!$D$64 -> 19037.044 | H17: =H14*'Overall Summary'!$D$64 -> 0 | I17: =SUM(F17:H17) -> 19037.044

Sheet ESA CCP
B2: Energy Savings Accounts
B3: Estimate 2 program participants in 2015-17
B4: Staff Time
C5: 2015 | D5: 2016 | E5: 2017 | F5: Total | G5: Notes
B6: Evaluate Program Overall | C6: 0 | D6: 0 | E6: 80 | F6: =C6+D6+E6 -> 80
B7: Design review process w/EVT & customers | C7: 10 | D7: 10 | E7: 30 | F7: =C7+D7+E7 -> 50
B8: Project Review | C8: 60 | D8: 60 | E8: 60 | F8: =C8+D8+E8 -> 180 | G8: 2 projects each customer 15 hrs each
B9: Reporting | C9: 20 | D9: 20 | E9: 20 | F9: =C9+D9+E9 -> 60
B10: Total Staff Hours | C10: =SUM(C6:C9) -> 90 | D10: =SUM(D6:D9) -> 90 | E10: =SUM(E6:E9) -> 190 | F10: =C10+D10+E10 -> 370 | G10: Note that this is a bit unknown in terms of projects
B11: Total Staff Costs | C11: =C10*'Staff rate assump'!B10 -> 4310.1 | D11: =D10*'Staff rate assump'!C10 -> 4482.9 | E11: =E10*'Staff rate assump'!D10 -> 9842 | F11: =C11+D11+E11 -> 18635 | G11: This budget assumes that ESA projects do not fall into annual verification sample
B14: Customer Credit Program
B15: Estimate 1 program participant 2015-17
B16: Staff Time
C17: 2015 | D17: 2016 | E17: 2017 | F17: Total
B18: Design review process w/EVT & customers | C18: 10 | D18: 10 | E18: 30 | F18: =C18+D18+E18 -> 50
B19: Project Review | C19: 50 | D19: 50 | E19: 50 | F19: =C19+D19+E19 -> 150
B20: Reporting | C20: 20 | D20: 20 | E20: 20 | F20: =C20+D20+E20 -> 60
B21: Total Staff Hours | C21: =SUM(C18:C20) -> 80 | D21: =SUM(D18:D20) -> 80 | E21: =SUM(E18:E20) -> 100 | F21: =C21+D21+E21 -> 260
B22: Total Staff Costs | C22: =C21*'Staff rate assump'!B10 -> 3831.2 | D22: =D21*'Staff rate assump'!C10 -> 3984.8 | E22: =E21*'Staff rate assump'!D10 -> 5180 | F22: =C22+D22+E22 -> 12996
B24: Total ESA and CCP Budget | C24: =C22+C11 -> 8141.3 | D24: =D22+D11 -> 8467.7 | E24: =E22+E11 -> 15022 | F24: =SUM(C24:E24) -> 31631

Sheet Regional
B2: Regional Coordination
B4: Staff Hours | K4: NEEP Staff Participation
F5: 2015 | G5: 2016 | H5: 2017 | I5: Total | K5: Project participation assumptions - per project (2 projects/yr)
B6: Staff Participation - NEEP projects | F6: =$L$9*2 -> 80 | G6: =$L$9*2 -> 80 | H6: =$L$9*2 -> 80 | I6: =SUM(F6:H6) -> 240 | K6: Scope Development | L6: 10
B7: Staff Participation - CEE projects | F7: 8 | G7: 8 | H7: 8 | I7: =SUM(F7:H7) -> 24 | K7: Review Comment on Drafts/Instruments | L7: 20
B8: Total Staff hours | F8: =SUM(F6:F7) -> 88 | G8: =SUM(G6:G7) -> 88 | H8: =SUM(H6:H7) -> 88 | I8: =SUM(F8:H8) -> 264 | K8: Review/Comment on Final | L8: 10
B9: Total Staff Costs | F9: =F8*'Staff rate assump'!B10 -> 4214.32 | G9: =G8*'Staff rate assump'!C10 -> 4383.28 | H9: =H8*'Staff rate assump'!D10 -> 4558.4 | I9: =SUM(F9:H9) -> 13156 | K9: Total | L9: =SUM(L6:L8) -> 40
B11: NEEP participation and CEE Costs | K11: CEE Staff Participation
F12: 2015 | G12: 2016 | H12: 2017 | I12: Total | K12: Review CEE Materials/Results | L12: 16
B13: NEEP | F13: 72146 | G13: 73589 | H13: 75060 | I13: =SUM(F13:H13) -> 220795 | K13: Total | L13: =SUM(L12) -> 16
B14: CEE | F14: 1500 | G14: 1500 | H14: 1500 | I14: =SUM(F14:H14) -> 4500
B15: Total Costs | F15: =E26+E27 -> 73676 | G15: =F26+F27 -> 75149.52 | H15: =G26+G27 -> 76652.51 | I15: =SUM(F15:H15) -> 225478.03
B17: Total Budget | F17: =F9+F15 -> 77890.32 | G17: =G9+G15 -> 79532.8 | H17: =H9+H15 -> 81210.91 | I17: =I9+I15 -> 238634.03
E19: FUNDING | F19: 2015 | G19: 2016 | H19: 2017 | I19: Total
E20: FCM (25%) | F20: =F17*0.25 -> 19472.58 | G20: =G17*0.25 -> 19883.2 | H20: =H17*0.25 -> 20302.728 | I20: =SUM(F20:H20) -> 59658.508
E21: EEC Share (75%) | F21: =F17*0.75 -> 58417.74 | G21: =G17*0.75 -> 59649.6 | H21: =H17*0.75 -> 60908.183 | I21: =SUM(F21:H21) -> 178975.52
B23: Notes
B24: 1 | C24: NEEP Costs 2015+ Inflation, CEE Costs 2014+ Inflation
D25: 2014 | E25: 2015 | F25: 2016 | G25: 2017
C26: NEEP | D26: 68800 | E26: 72146 | F26: =E26*1.02 -> 73588.92 | G26: =F26*1.02 -> 75060.698
C27: CEE | D27: 1500 | E27: =D27*1.02 -> 1530 | F27: =E27*1.02 -> 1560.6 | G27: =F27*1.02 -> 1591.812
B28: 2 | C28: Staff hours to participate
B29: 3 | C29: 50% of NEEP Costs associated with FCM

Sheet Behavioral
B2: Behavioral Measures
B4: Staff Hours
F5: 2015 | G5: 2016 | H5: 2017 | I5: Total | J5: Notes
B6: Participate in/Review VEIC studies Res/Comm | F6: 120 | G6: 120 | H6: 120
C7: Develop Behavioral Evaluation Plan | J7: takes place in 2014
B8: RFP/hire contractor cost | F8: ='RFP-Contract Process Assump'!C9 -> 61 | H8: ='RFP-Contract Process Assump'!C9 -> 61 | I8: =SUM(F8:H8) -> 122
B9: Contract Management | F9: =3*22.5 -> 67.5 | G9: =3*22.5 -> 67.5 | H9: =3*22.5 -> 67.5 | I9: =SUM(F9:H9) -> 202.5 | J9: 3hrs wk for 22.5 weeks
B10: Total Staff hours | F10: =SUM(F6:F9) -> 248.5 | G10: =SUM(G6:G9) -> 187.5 | H10: =SUM(H6:H9) -> 248.5 | I10: =SUM(F10:H10) -> 684.5
B11: Total Staff Costs | F11: =F10*'Staff rate assump'!B10 -> 11900.665 | G11: =G10*'Staff rate assump'!C10 -> 9339.375 | H11: =H10*'Staff rate assump'!D10 -> 12872.3 | I11: =SUM(F11:H11) -> 34112.34
F13: 2015 | G13: 2016 | H13: 2017 | I13: Total
B14: Estimate of Contractor costs to evaluate programs: | F14: 250000 | G14: 250000 | H14: 250000 | I14: =SUM(F14:H14) -> 750000
F17: 2015 | G17: 2016 | H17: 2017 | I17: Total
E18: Total Costs | F18: =F14+F11 -> 261900.67 | G18: =G14+G11 -> 259339.38 | H18: =H14+H11 -> 262872.3 | I18: =SUM(F18:H18) -> 784112.34

Sheet Plan&Mgmt
B2: Planning & Management
B4: Evaluation Planning & Administration
B5: Staff Hours
C6: 2015 | D6: 2016 | E6: 2017 | F6: Total | G6: Notes
B7: Annual Plan | C7: 80 | D7: 80 | E7: 80 | F7: =SUM(C7:E7) -> 240
B8: 3 Year Plan | C8: 0 | D8: 0 | E8: 140 | F8: =SUM(C8:E8) -> 140
B9: Reporting | C9: 40 | D9: 40 | E9: 40 | F9: =SUM(C9:E9) -> 120
B10: Administrative | C10: 90 | D10: 90 | E10: 90 | F10: =SUM(C10:E10) -> 270 | G10: Not billable to any one task - 2 employees @ 1hr/wk
B11: Total Staff hours | C11: =SUM(C7:C10) -> 210 | D11: =SUM(D7:D10) -> 210 | E11: =SUM(E7:E10) -> 350 | F11: =SUM(C11:E11) -> 770
B12: Total Staff Costs | C12: =C11*'Staff rate assump'!B10 -> 10056.9 | D12: =D11*'Staff rate assump'!C10 -> 10460.1 | E12: =E11*'Staff rate assump'!D10 -> 18130 | F12: =SUM(C12:E12) -> 38647
B14: EEC Share (89%) | C14: =C12*0.89 -> 8950.641 | D14: =D12*0.89 -> 9309.489 | E14: =E12*0.89 -> 16135.7 | F14: =F12*0.89 -> 34395.83
B15: HPF Share (11%) | C15: =C12*0.11 -> 1106.259 | D15: =D12*0.11 -> 1150.611 | E15: =E12*0.11 -> 1994.3 | F15: =F12*0.11 -> 4251.17
B18: Expert Technical Assistance
B19: Note all estimates to provide a guidance re: budget. The actual hours may differ significantly as the task/need requires
B20: Task include Assistance with RFP development, review of proposals, technical assistance throughout the project - survey design, sample design, review of results, etc.
B21: On Call Technical Assistance - Hours
C22: 2015 | D22: 2016 | E22: 2017 | F22: Total | H22: Hourly Rate for Technical Assistance
B23: Energy Savings Accounts | D23: 10 | F23: =C23+D23+E23 -> 10 | H23: Current | I23: Increased with inflation.
B24: FCM/SV | C24: 20 | D24: 20 | E24: 20 | F24: =C24+D24+E24 -> 60 | H24: 2014 | I24: 2015 | J24: 2016 | K24: 2017 | L24: 2018
B25: Market Assessments | C25: 140 | F25: =C25+D25+E25 -> 140 | H25: 140 | I25: 140 | J25: =I25*1.02 -> 142.8 | K25: =J25*1.02 -> 145.656 | L25: =K25*1.02 -> 148.56912
B26: Geotargeting | C26: 10 | D26: 10 | E26: 10 | F26: =C26+D26+E26 -> 30 | G26: Placeholder
B27: NEEP activities | C27: 20 | D27: 20 | E27: 20 | F27: =C27+D27+E27 -> 60
B28: Benchmarking | C28: 30 | D28: 30 | E28: 30 | F28: =C28+D28+E28 -> 90
B29: TAG/TRM | C29: 10 | D29: 10 | E29: 10 | F29: =C29+D29+E29 -> 30
B30: Misc | C30: 60 | D30: 75 | E30: 65 | F30: =C30+D30+E30 -> 200
B31: Total Hours | C31: =SUM(C23:C30) -> 290 | D31: =SUM(D23:D30) -> 175 | E31: =SUM(E23:E30) -> 155 | F31: =C31+D31+E31 -> 620
B32: Total | C32: =C31*J25 -> 41412 | D32: =D31*K25 -> 25489.8 | E32: =E31*L25 -> 23028.214 | F32: =SUM(C32:E32) -> 89930.014
B34: Suggest that collections should be averaged over three years
B35: Total Budget | C35: 30550 | D35: 30550 | E35: 30550 | F35: =SUM(C35:E35) -> 91650
B37: EEC Share (89%) | C37: =C35*0.89 -> 27189.5 | D37: =D35*0.89 -> 27189.5 | E37: =E35*0.89 -> 27189.5 | F37: =F35*0.89 -> 81568.5
B38: HPF Share (11%) | C38: =C35*0.11 -> 3360.5 | D38: =D35*0.11 -> 3360.5 | E38: =E35*0.11 -> 3360.5 | F38: =F35*0.11 -> 10081.5
B40: Notes
B41: Placeholder inserted for work relating to Geotargeting
B42: 2015 Expected to include Market assessments
B43: 2016-2017 expected to include DRP
B45: Evaluation Training & Development
B46: Staff Hours
D47: 2015 | E47: 2016 | F47: 2017 | G47: Total
B48: conferences -- 2 employees @60hrs/yr | D48: 120 | E48: 120 | F48: 120 | G48: =SUM(D48:F48) -> 360
B49: webinars - 5/yr 2hrs each 2 employees | D49: 20 | E49: 20 | F49: 20 | G49: =SUM(D49:F49) -> 60
B50: Total hours | D50: =SUM(D48:D49) -> 140 | E50: =SUM(E48:E49) -> 140 | F50: =SUM(F48:F49) -> 140 | G50: =SUM(D50:F50) -> 420
B51: Total Staff Costs | D51: =D50*'Staff rate assump'!B10 -> 6704.6 | E51: =E50*'Staff rate assump'!C10 -> 6973.4 | F51: =F50*'Staff rate assump'!D10 -> 7252 | G51: =SUM(D51:F51) -> 20930
B53: Conference/Training Costs
B54: Event/Training | C54: # employees | D54: cost per | E54: Expenses | F54: 2015 | G54: 2016 | H54: 2017 | I54: Total
B55: IEPEC | C55: 3 | D55: 650 | E55: 1200 | F55: =C55*D55+C55*E55 -> 5550 | H55: =C55*D55+C55*E55 -> 5550 | I55: =SUM(F55:H55) -> 11100
B56: ACEEE/CEE conferences | C56: 4 | D56: 650 | E56: 1200 | F56: =$C56*$D56+$C56*$E56 -> 7400 | G56: =$C56*$D56+$C56*$E56 -> 7400 | H56: =$C56*$D56+$C56*$E56 -> 7400 | I56: =SUM(F56:H56) -> 22200
B57: Other conferences | C57: 2 | D57: 650 | E57: 1200 | F57: =$C57*$D57+$C57*$E57 -> 3700 | G57: =$C57*$D57+$C57*$E57 -> 3700 | H57: =$C57*$D57+$C57*$E57 -> 3700 | I57: =SUM(F57:H57) -> 11100
B58: Other trainings | C58: 2 | D58: 150 | E58: 250 | F58: =$C58*$D58+$C58*$E58 -> 800 | G58: =$C58*$D58+$C58*$E58 -> 800 | H58: =$C58*$D58+$C58*$E58 -> 800 | I58: =SUM(F58:H58) -> 2400
B59: Total | C59: - | D59: - | E59: - | F59: =SUM(F55:F58) -> 17450 | G59: =SUM(G55:G58) -> 11900 | H59: =SUM(H55:H58) -> 17450 | I59: =SUM(F59:H59) -> 46800
B60: Total Evaluation Training & Development Budget | F60: =D51+F59 -> 24154.6 | G60: =E51+G59 -> 18873.4 | H60: =F51+H59 -> 24702 | I60: =SUM(F60:H60) -> 67730
B62: EEC Share | F62: =F60*'Overall Summary'!$D$63 -> 21256.048 | G62: =G60*'Overall Summary'!$D$63 -> 16608.592 | H62: =H60*'Overall Summary'!$D$63 -> 21737.76 | I62: =SUM(F62:H62) -> 59602.4
B63: TEPF Share | F63: =F60*'Overall Summary'!$D$64 -> 2898.552 | G63: =G60*'Overall Summary'!$D$64 -> 2264.808 | H63: =H60*'Overall Summary'!$D$64 -> 2964.24 | I63: =SUM(F63:H63) -> 8127.6
B65: Other Direct Costs
D66: 2015 | E66: 2016 | F66: 2017 | G66: Total
B67: Office Equipment | E67: 5000 | G67: =SUM(D67:F67) -> 5000
B68: Phone | D68: 300 | E68: 300 | F68: 300 | G68: =SUM(D68:F68) -> 900
B69: Other Misc | D69: 300 | E69: 300 | F69: 300 | G69: =SUM(D69:F69) -> 900
B70: Total Other Direct Costs | D70: =SUM(D67:D69) -> 600 | E70: =SUM(E67:E69) -> 5600 | F70: =SUM(F67:F69) -> 600 | G70: =SUM(D70:F70) -> 6800
B72: EEC Share | D72: =D70*'Overall Summary'!$D$63 -> 528 | E72: =E70*'Overall Summary'!$D$63 -> 4928 | F72: =F70*'Overall Summary'!$D$63 -> 528 | G72: =SUM(D72:F72) -> 5984
B73: HPF Share | D73: =D70*'Overall Summary'!$D$64 -> 72 | E73: =E70*'Overall Summary'!$D$64 -> 672 | F73: =F70*'Overall Summary'!$D$64 -> 72 | G73: =SUM(D73:F73) -> 816
B75: Notes
B76: State runs on a three year cycle - estimating $2500k per employee for hardware and software upgrades, other office equip
B77: Long distance and Conference/Webinar Capabilities X 2
B80: Demand Resource Plan
B83: Staff Hours
F84: 2015 | G84: 2016 | H84: 2017 | I84: Total | J84: Notes
B85: RFP/hire contractor cost | F85: 0 | G85: ='RFP-Contract Process Assump'!C9*2 -> 122 | H85: 0 | I85: =SUM(F85:H85) -> 122
B86: Contract Management | F86: 0 | G86: =3*10.5 -> 31.5 | H86: =3*12 -> 36 | I86: =SUM(F86:H86) -> 67.5 | J86: 3 hrs/wk for 22.5 weeks
E87: EEU Co-ordination | F87: 0 | G87: =2*10.5 -> 21 | H87: =2*12 -> 24 | J87: 2 hrs/wk for 22.5 weeks
E88: PSD Review | F88: 0 | G88: =2*10.5 -> 21 | H88: =2*12 -> 24 | J88: 2 hrs/wk for 22.5 weeks
E89: Potential Study | F89: 0 | G89: =3*22.5 -> 67.5 | H89: 0 | J89: 3 hrs/wk for 22.5 weeks
E90: PSB Filings | F90: 0 | G90: =2*8.5 -> 17 | H90: =2*14 -> 28 | J90: 2 hrs/wk for 22.5 weeks
F91: =F114 -> 0 | G91: =G114 -> 0 | H91: =H116 -> 0 | I91: =SUM(F91:H91) -> 0
B92: Total Staff hours | F92: =SUM(F85:F91) -> 0 | G92: =SUM(G85:G91) -> 280 | H92: =SUM(H85:H91) -> 112 | I92: =SUM(F92:H92) -> 392
B93: Total Staff Costs | F93: =F92*'Staff rate assump'!B10 -> 0 | G93: =G92*'Staff rate assump'!C10 -> 13946.8 | H93: =H92*'Staff rate assump'!D10 -> 5801.6 | I93: =SUM(F93:H93) -> 19748.4
B96: Contractor budget | F96: =G106 -> 0 | G96: 0 | H96: 0 | I96: =SUM(F96:H96) -> 0
B98: Total Budgets | F98: =F93+F96 -> 0 | G98: =G93+G96 -> 13946.8 | H98: =H93+H96 -> 5801.6 | I98: =SUM(F98:H98) -> 19748.4

Sheet HPwES
B2: Thermal Energy and Process Fuels Efficiency
B4: Home Performance with Energy Star
B6: Staff Hours
F7: 2015 | G7: 2016 | H7: 2017 | I7: Total | J7: Notes
B8: RFP/hire contractor cost | F8: ='RFP-Contract Process Assump'!C9 -> 61 | G8: - | H8: - | I8: =SUM(G8:H8) -> 0 | J8: Assumes one study in next cycle
B9: Contract Management | F9: =2.5*22.5 -> 56.25 | G9: - | H9: - | I9: =SUM(F9:H9) -> 56.25 | J9: 2.5 hours per week for 22.5 weeks (half a year)
B10: Staff time | F10: =H28 -> 170 | G10: - | H10: - | I10: =SUM(F10:H10) -> 170 | M10: `
B11: Total Staff hours | F11: =SUM(F8:F10) -> 287.25 | G11: =SUM(G8:G10) -> 0 | H11: =SUM(H8:H10) -> 0 | I11: =SUM(F11:H11) -> 287.25 | P11: .
B12: Total Staff Costs | F12: ='Staff rate assump'!B10*F11 -> 13756.403 | G12: ='Staff rate assump'!C10*G11 -> 0 | H12: ='Staff rate assump'!D10*H11 -> 0 | I12: =F12+G12+H12 -> 13756.403
B15: Contractor budget | F15: =K30 -> 95205 | G15: 0 | H15: 0 | I15: =SUM(F15:H15) -> 95205
B17: Total Budget | F17: =F15+F12 -> 108961.4 | G17: =G15+G12 -> 0 | H17: 0 | I17: =I15+I12 -> 108961.4
B19: HPwES Assumptions | F19: Staff Hours | I19: Contractor hours
F20: Units | G20: Hours Per | H20: Total Hours | I20: Units | J20: Hours Per | K20: Total Hours
B21: Planning | F21: 1 | G21: 30 | H21: =G21*F21 -> 30 | I21: 1 | J21: 40 | K21: =J21*I21 -> 40
B22: Process Eval Design & Prog Implementation(incl surveys) | F22: 1 | G22: 120 | H22: =G22*F22 -> 120 | I22: 1 | J22: 40 | K22: =J22*I22 -> 40
B23: On-site design, data collection design | I23: 1 | J23: 60 | K23: =J23*I23 -> 60
B24: On-sites and blower doors | I24: 40 | J24: 6 | K24: =J24*I24 -> 240
B25: Analysis & Draft Reporting | F25: 0 | G25: 0 | H25: 0 | I25: 1 | J25: 125 | K25: =J25*I25 -> 125
B26: Final Report | F26: 1 | G26: 20 | H26: =G26*F26 -> 20 | I26: 1 | J26: 60 | K26: =J26*I26 -> 60
B27: Monthly meetings (included in contract mgmt above for staff | I27: 6 | J27: 2 | K27: 12
B28: Total Hours | H28: =SUM(H21:H27) -> 170 | K28: =SUM(K21:K27) -> 577
I29: contractor rate | K29: 165 | L29: Blended rate res/commercial market assessments
I30: Contractor Budget | K30: =K29*K28 -> 95205
B31: FUNDING | C31: % Share | D31: 2015 | E31: 2016 | F31: 2017 | G31: Total
B32: TEPF | C32: =1-C33 -> 0.63357973 | D32: =F17*$C$32 -> 69035.735 | E32: =G17*$C$32 -> 0 | F32: =H17*$C$32 -> 0 | G32: =SUM(D32:F32) -> 69035.735
B33: CEED | C33: =347/947 -> 0.36642027 | D33: =F17*$C$33 -> 39925.667 | E33: =G17*$C$33 -> 0 | F33: =H17*$C$33 -> 0 | G33: =SUM(D33:F33) -> 39925.667

Sheet SMEEP
B2: SMEEP
B4: Estimate 1 program participant 2012-14
B5: Staff Time
C6: 2015 | D6: 2016 | E6: 2017 | F6: Total
B7: Evaluate program overall | C7: 40 | F7: =SUM(C7:E7) -> 40
B8: Review process with customer | C8: 10 | D8: 10 | E8: 10 | F8: =C8+D8+E8 -> 30
B9: Project review (paper & on site) | C9: 20 | D9: 20 | E9: 20 | F9: =C9+D9+E9 -> 60
B10: Reporting | C10: 20 | D10: 20 | E10: 20 | F10: =C10+D10+E10 -> 60
B11: Total Staff Hours | C11: =SUM(C7:C10) -> 90 | D11: =SUM(D7:D10) -> 50 | E11: =SUM(E7:E10) -> 50 | F11: =C11+D11+E11 -> 190
B12: Total Staff Costs | C12: =C11*'Staff rate assump'!B10 -> 4310.1 | D12: =D11*'Staff rate assump'!C10 -> 2490.5 | E12: =E11*'Staff rate assump'!D10 -> 2590 | F12: =C12+D12+E12 -> 9390.6
B15: Contractor budget | C15: 12500 | D15: 12500 | E15: 12500 | F15: =SUM(C15:E15) -> 37500 | G15: Contractor support
B17: Total | C17: =C15+C12 -> 16810.1 | D17: =D15+D12 -> 14990.5 | E17: =E15+E12 -> 15090 | F17: =SUM(C17:E17) -> 46890.6

Sheet RFP-Contract Process Assump
B2: RFP-Contract Process Assumptions
B4: Hours to Develop RFP | C4: 30
B5: Respond to Questions | C5: 4
B6: Proposal Review | C6: 15 | D6: Assume 5 proposals received
B7: Negotiation | C7: 4
B8: Contract Development | C8: 8
B9: Total | C9: =SUM(C4:C8) -> 61

Sheet Staff rate assump
B2: Staff Rate Assumptions
B4: Inflation | D4: 1.02
B8: Assumption average per hour cost for internal staff including benefits
B9: 2015 | C9: 2016 | D9: 2017
B10: 47.89 | C10: 49.81 | D10: 51.8

Sheet HPwEs (elec)
B2: Home Performance with Energy Star (elec only)
B5: Staff Hours
F6: 2015 | G6: 2016 | H6: 2017 | I6: Total | J6: Notes
B7: RFP/hire contractor cost | F7: ='RFP-Contract Process Assump'!C9/2 -> 30.5 | H7: 0 | I7: =SUM(F7:H7) -> 30.5
B8: Contract Management | F8: =2*22.5 -> 45 | G8: 0 | H8: 0 | I8: =SUM(F8:H8) -> 45 | J8: 2 hrs/wk for 22.5 weeks
B9: Total Staff hours | F9: =SUM(F7:F8) -> 75.5 | G9: =SUM(G7:G8) -> 0 | H9: =SUM(H7:H8) -> 0 | I9: =SUM(F9:H9) -> 75.5
B10: Total Staff Costs | F10: =F9*'Staff rate assump'!B10 -> 3615.695 | G10: =G9*'Staff rate assump'!C10 -> 0 | H10: =H9*'Staff rate assump'!D10 -> 0 | I10: =SUM(F10:H10) -> 3615.695
B13: Contractor budget | F13: =G23 -> 114000 | G13: 0 | H13: 0 | I13: =SUM(F13:H13) -> 114000
B15: Total Budgets | F15: =F10+F13 -> 117615.7 | G15: =G10+G13 -> 0 | H15: =H10+H13 -> 0 | I15: =SUM(F15:H15) -> 117615.7
B17: Tasks | F17: Hours | G17: Cost
B18: Review of EVT/BED databases | F18: 20 | G18: =F18*150 -> 3000 | H18: Approx $150/hr
B19: Billing Analysis | F19: 120 | G19: =F19*150 -> 18000
B20: Sampling | F20: 40 | G20: =F20*150 -> 6000
B21: Metering + Analysis | F21: 500 | G21: =F21*150 -> 75000
B22: Summarize and Report results | F22: 80 | G22: =F22*150 -> 12000
B23: Total | F23: =SUM(F18:F22) -> 760 | G23: =SUM(G18:G22) -> 114000

Sheet OPA
B2: Operational Performance Assessment
B5: Staff Hours
F6: 2015 | G6: 2016 | H6: 2017 | I6: Total | J6: Notes
B7: RFP/hire contractor cost | F7: ='RFP-Contract Process Assump'!C9 -> 61 | G7: 0 | H7: 0 | I7: =SUM(F7:H7) -> 61
B8: Contract Management | F8: =3*22.5 -> 67.5 | G8: 0 | H8: 0 | I8: =SUM(F8:H8) -> 67.5 | J8: 3 hrs/wk for 22.5 weeks
E9: Policy Goal / Qualitative Performance Review | F9: =2*22.5 -> 45 | G9: 0 | J9: 2 hrs/wk for 22.5 weeks
E10: Administratice Audit | F10: =2*22.5 -> 45 | G10: 0 | J10: 2 hrs/wk for 22.5 weeks
E11: Orginizational Qualifications | F11: =2*22.5 -> 45 | G11: 0 | J11: 2 hrs/wk for 22.5 weeks
E12: Financial Stewardship | F12: =2*22.5 -> 45 | G12: 0 | J12: 2 hrs/wk for 22.5 weeks
F13: =F36 -> 0 | G13: =G36 -> 0 | H13: =H38 -> 0 | I13: =SUM(F13:H13) -> 0
B14: Total Staff hours | F14: =SUM(F7:F13) -> 308.5 | G14: =SUM(G7:G13) -> 0 | H14: =SUM(H7:H13) -> 0 | I14: =SUM(F14:H14) -> 308.5
B15: Total Staff Costs | F15: =F14*'[1]Staff rate assump'!B10 -> 14036.75 | G15: =G14*'[1]Staff rate assump'!C10 -> 0 | H15: =H14*'[1]Staff rate assump'!D10 -> 0 | I15: =SUM(F15:H15) -> 14036.75
B18: Contractor budget | F18: 200000 | G18: 0 | H18: 0 | I18: =SUM(F18:H18) -> 200000
B20: Total Budgets | F20: =F15+F18 -> 214036.75 | G20: =G15+G18 -> 0 | H20: =H15+H18 -> 0 | I20: =SUM(F20:H20) -> 214036.75
E22: FUNDING | F22: 2015 | G22: 2016 | H22: 2017 | I22: Total
E23: EEC Share | F23: =F20*'Overall Summary'!$D$63 -> 188352.34 | G23: =G20*'Overall Summary'!$D$63 -> 0 | H23: =H20*'Overall Summary'!$D$63 -> 0 | I23: =SUM(F23:H23) -> 188352.34
E24: TEPF Share | F24: =F20*'Overall Summary'!$D$64 -> 25684.41 | G24: =G20*'Overall Summary'!$D$64 -> 0 | H24: =H20*'Overall Summary'!$D$64 -> 0 | I24: =SUM(F24:H24) -> 25684.41

Sheet TEPF Potential
B2: TEPF Potential Study
B5: Staff Hours
F6: 2015 | G6: 2016 | H6: 2017 | I6: Total | J6: Notes
B7: RFP/hire contractor cost | F7: 0 | G7: 30.5 | H7: 0 | I7: =SUM(F7:H7) -> 30.5
B8: Contract Management | F8: 0 | G8: 45 | H8: 0 | I8: =SUM(F8:H8) -> 45 | J8: 2 hrs/wk for 22.5 weeks
B9: Total Staff hours | F9: =SUM(F7:F8) -> 0 | G9: =SUM(G7:G8) -> 75.5 | H9: =SUM(H7:H8) -> 0 | I9: =SUM(F9:H9) -> 75.5
B10: Total Staff Costs | F10: =F9*'Staff rate assump'!B10 -> 0 | G10: =G9*'Staff rate assump'!C10 -> 3760.655 | H10: =H9*'Staff rate assump'!D10 -> 0 | I10: =SUM(F10:H10) -> 3760.655
B13: Contractor budget | F13: 0 | G13: =G23 -> 95250 | H13: 0 | I13: =SUM(F13:H13) -> 95250
B15: Total Budgets | F15: =F10+F13 -> 0 | G15: =G10+G13 -> 99010.655 | H15: =H10+H13 -> 0 | I15: =SUM(F15:H15) -> 99010.655
B17: Tasks | F17: Hours | G17: Cost
B18: Review of availible databases | F18: 25 | G18: =F18*150 -> 3750 | H18: Approx $150/hr
B19: Billing Analysis | F19: 240 | G19: =F19*150 -> 36000
B20: Sampling | F20: 40 | G20: =F20*150 -> 6000
B21: Analysis | F21: 250 | G21: =F21*150 -> 37500
B22: Summarize and Report results | F22: 80 | G22: =F22*150 -> 12000
B23: Total | F23: =SUM(F18:F22) -> 635 | G23: =SUM(G18:G22) -> 95250
